 Dungeon Crawl Stone Soup version 0.31-a0-246-g8cbcc1cb85 (webtiles) character file.

Game seed: 13602714862071443510

405857 qw the Conqueror (level 22, -4/233 HPs)
             Began as a Minotaur Hexslinger on July 12, 2023.
             Was an Elder of Okawaru.
             Slain by a vault guard
             ... wielding a +0 dire flail
              (16 damage)
             ... on level 5 of the Vaults.
             The game lasted 00:25:48 (42058 turns).

qw the Conqueror (Minotaur Hexslinger)             Turns: 42058, Time: 00:25:48

Health: -4/233     AC: 22    Str: 13    XL:     22   Next: 37%
Magic:  24/29      EV: 56    Int: 13    God:    Okawaru [****..]
Gold:   1603       SH:  0    Dex: 44    Spells: 22/23 levels left

rFire   + . .        g - +2 triple crossbow (heavy)
rCold   + . .        (shield currently unavailable)
rNeg    . . .        A - +4 troll leather armour of Suocuxyi {Regen+ Dex+3}
rPois   +            k - +2 hat
rElec   +            x - scarf of Ciosex {rC+ rF+, Fly rElec rPois Int+3 SInv}
rCorr   .            j - +2 pair of gloves "Hainoux" {Dex+5 Slay+2}
SInv    +            t - +2 pair of boots
Will    +....        s - amulet of faith
Stlth   ++           q - +6 ring of dexterity
HPRegen 1.38/turn    B - +6 ring of dexterity
MPRegen 0.21/turn

%: faith
@: about to teleport, heroic, finesse-ful, flying, glowing
A: horns 2, retaliatory headbutt
}: 2/15 runes: serpentine, barnacled
a: Renounce Religion, Heroism, Finesse


You were on level 5 of the Vaults.
You worshipped Okawaru.
Okawaru was greatly pleased with you.
You visited 7 branches of the dungeon, and saw 39 of its levels.
You also visited: Gauntlet.

You collected 5293 gold pieces.
You spent 3690 gold pieces at shops.


Innate Abilities, Weirdness & Mutations

You have a pair of horns on your head.
You reflexively headbutt those who attack you in melee.


   Skills:
 O Level 27 Fighting
 - Level 22.0(27) Ranged Weapons
 + Level 19.4(24.4) Armour
 - Level 22.0(27) Dodging
 - Level 1.0 Spellcasting
 - Level 2.0 Hexes
 - Level 11.2 Invocations


You had 22 spell levels left.
You knew the following spells:

 Your Spells              Type           Power      Damage    Failure   Level
a - Slow                  Hex            20%        N/A       14%         1

Your spell library contained the following spells:

 Spells                   Type           Power      Damage    Failure   Level
 Inner Flame              Hex/Fire       3%         N/A       52%         3
 Portal Projectile        Hex/Tloc       6%         N/A       52%         3
 Cause Fear               Hex            2%         N/A       80%         4

Inventory:

Hand Weapons
 g - a +2 heavy triple crossbow (weapon)
Armour
 c - the +3 hat of Pondering {ponderous, Will+ MP+10 Int+5}
   (You took it off Gastronok on level 3 of the Lair of Beasts)

   Int:       It affects your intelligence (+5).
   MP:        It affects your magic capacity (+10).
   Will:      It increases your willpower.
 j - the +2 pair of gloves "Hainoux" (worn) {Dex+5 Slay+2}
   (Okawaru gifted it to you on level 3 of the Vaults)

   Dex:       It affects your dexterity (+5).
   Slay:      It affects your accuracy & damage with ranged weapons and melee
   (+2).
 k - a +2 hat (worn)
 m - the +0 hat of Visesao {rF+}
   (You acquired it on level 4 of the Depths)

   rF:        It protects you from fire.
 n - a +1 cloak of willpower
 t - a +2 pair of boots (worn)
 x - the scarf of Ciosex (worn) {rC+ rF+, Fly rElec rPois Int+3 SInv}
   (Okawaru gifted it to you on level 14 of the Dungeon)

   Int:       It affects your intelligence (+3).
   rElec:     It insulates you from electricity.
   rPois:     It protects you from poison.
   SInv:      It lets you see invisible.
   Fly:       It grants you flight.
 y - the +0 hat of Words of Power {Rampage rF+++ Str-3 Int-5}
   (You found it in a Gauntlet)

   Str:       It affects your strength (-3).
   Int:       It affects your intelligence (-5).
   rF:        It renders you almost immune to fire.
   Rampage:   It bestows one free step when moving towards enemies.
 A - the +4 troll leather armour of Suocuxyi (worn) {Regen+ Dex+3}
   (You found it in a Gauntlet)

   Dex:       It affects your dexterity (+3).
   Regen:     It increases your rate of health regeneration.
Jewellery
 i - an amulet of reflection
 q - a +6 ring of dexterity (left hand)
 s - an amulet of faith (around neck)
 B - a +6 ring of dexterity (right hand)
Wands
 u - a wand of digging (8)
Scrolls
 b - a scroll of brand weapon
 d - 9 scrolls of teleportation
 p - 7 scrolls of identify
 C - 7 scrolls of enchant armour
Potions
 a - 6 potions of haste
 e - 4 potions of might
 f - 12 potions of curing
 h - 7 potions of enlightenment
 o - 4 potions of mutation
 r - 6 potions of magic
 v - 3 potions of resistance
 w - 11 potions of heal wounds
 z - 5 potions of cancellation

Dungeon Overview and Level Annotations

Branches:
Dungeon (15/15)            Temple (0/1) D:6            Lair (5/5) D:10
 Shoals (4/4) Lair:2        Snake (4/4) Lair:3        Slime (0/5) Lair:4
    Orc (2/2) D:11            Elf (0/3) Orc:2        Vaults (4/5) D:13
  Crypt (0/3) Vaults:2     Depths (4/4) D:15            Zot (0/5) Depths:4
Gauntlet (visited)

Altars:
Cheibriados
Fedhas
Gozag
Makhleb
Okawaru
Qazlal
Sif Muna
Trog
Uskayaw
Vehumet
Wu Jian
Xom
The Shining One
Jiyva

Shops:
D:6 (   D:8 (   D:9 !   Orc:1 [   Orc:2 ?**(!   Shoals:3 [!=?   Snake:1 [
Snake:3 ?   Vaults:2 =*=(   Depths:1 *!([

Portals:
Hell: Depths:1 Depths:2 Depths:3 Depths:4
Abyss: Lair:3 Depths:1 Depths:3 Depths:4
Pandemonium: Depths:2
Ziggurat: Depths:4

Annotations:
D:6 exclusion: electric eel
D:10 2 transporters, qw's ghost, novice MiHs
D:14 3 runed translucent doors, qw's ghost, journeyman MiHs
Lair:2 1 runed translucent door, qw's ghost, journeyman DEHu
Lair:3 2 transporters, qw's ghost, journeyman MiHs
Lair:4 1 runed translucent door
Lair:5 1 runed translucent door
Shoals:1 3 runed translucent doors
Shoals:3 3 runed translucent doors, qw's ghost, adept MiHs
Snake:2 1 runed translucent door, Zoimialu's ghost, adept OpHW
Vaults:4 exclusion: 7 glowing orange brains
Vaults:5 Mennas
Depths:1 2 transporters


Message History

You furiously retaliate!
You headbutt the stone giant. You shoot a bolt.
The bolt hits the vault guard!!!!
You kill the vault guard!
Okawaru accepts your kill. Mennas closely misses you.
Mennas hits you but does no damage.
The vault sentinel blows a loud note on a signal horn!
The brown very ugly thing completely misses you.
You furiously retaliate!
You headbutt the brown very ugly thing! The deep troll completely misses you.
You furiously retaliate!
You headbutt the deep troll. The deep troll closely misses you.
The deep troll completely misses you. The vault guard completely misses you.
The vault warden completely misses you. The vault guard barely misses you.
The ettin closely misses you. You furiously retaliate!
You headbutt the ettin.
The ettin hits you with a +0 dire flail!!
The stone giant misses you. You furiously retaliate!
You headbutt the stone giant! The vault guard completely misses you.
The vault guard hits you but does no damage.
The vault guard hits you from afar with a +0 halberd!
The phantasmal warrior gestures at you.
The phantasmal warrior blinks!
The phantasmal warrior gestures at you.
The phantasmal warrior blinks!
You hear a shout! x2
42058 ||| READING 10 scrolls of teleportation.
As you read the scroll of teleportation, it crumbles to dust.
You feel strangely unstable.
Mennas hits you from afar with a +5 trishula of holy wrath! x2
Mennas gestures frantically.
You easily resist.
The sphinx mumbles some strange words.
Something smites you! The deep troll completely misses you.
You furiously retaliate!
You headbutt the deep troll!
The deep troll completely misses you. x2; The ettin completely misses you.
You furiously retaliate!
You headbutt the ettin! The ettin completely misses you.
The phantasmal warrior gestures at you.
The phantasmal warrior blinks!
The vault guard completely misses you. The vault warden completely misses you.
The vault guard hits you with a +0 dire flail!
You die...

.# #....# ...
#....# # ....
#....# .#
#...##....# .#.
#..X#.C..#.#?#
#..p9pAp...#
####.XpCCDW.###
....pQp@ppH....
..¤.pTTpuWW¤...
.....pCpppC¤...
.....WuppcD....
####m¤.C....###
........L..
#W.#....#...#
...#....#....


You could see Mennas, a shadow dragon, 2 tentacled monstrosities, 2 titans, an
ancient lich, a storm dragon, 2 very ugly things, a fire giant, a sphinx, a
stone giant, a vault warden, a tengu reaver, a yaktaur captain, 13 vault guards,
2 ettins, a merfolk, 2 deep trolls, a war gargoyle, 2 vault sentinels and 5
phantasmal warriors.

Vanquished Creatures
  Mara (Snake:4)
  Boris (thrice) (Vaults:3 Vaults:4 Depths:3)
  Bai Suzhen (Depths:1)
  Vashnia (Snake:3)
  Jory (Vaults:3)
  Nikola (Snake:3)
  the Enchantress (Depths:1)
  A bone dragon (Depths:1)
  A golden dragon (Depths:4)
  Zenata (Vaults:2)
  2 tentacled monstrosities
  A lich (Depths:2)
  A walking frostbound tome (Depths:4)
  A titan (Shoals:4)
  A sphinx (Vaults:1)
  Gastronok (Lair:3)
  Polyphemus (Shoals:4)
  3 storm dragons
  3 shadow dragons
  4 tengu reavers
  Donald (Vaults:3)
  2 azure jellies (Depths:1)
  4 frost giants
  10 fire giants
  Louise (Snake:3)
  2 iron dragons
  9 vault wardens
  A draconian scorcher (Depths:4)
  2 balrugs (Depths:2)
  A draconian shifter (Depths:4)
  2 juggernaut skeletons
  5 spriggan defenders
  14 ironbound preservers
  13 stone giants
  4 war gargoyles
  5 very ugly things
  3 formless jellyfish
  5 ironbound thunderhulks
  2 green draconians (Depths:4)
  3 vampire knights
  10 dire elephants
  A minotaur (Gauntlet)
  A yellow draconian (Depths:4)
  2 purple draconians (Depths:4)
  2 white draconians (Depths:4)
  9 spark wasps
  3 crystal guardians
  4 ettins
  8 fire dragons
  3 merfolk javelineers (Shoals:4)
  8 yaktaur captains
  14 merfolk impalers
  Josephine (D:10)
  8 great orbs of eyes
  7 ice dragons
  2 entropy weavers (Vaults:3)
  Fannar (Lair:3)
  Harold (D:9)
  A caustic shrike simulacrum (Depths:1)
  A juggernaut simulacrum (Depths:1)
  6 peacekeepers
  8 spriggan air magi
  5 hydras (Lair:5)
  10 ironbound frosthearts
  5 merfolk avatars
  4 rakshasas
  3 ogre magi
  18 vault guards
  6 merfolk aquamancers
  3 catoblepae
  An anaconda (shapeshifter) (Depths:1)
  12 anacondas
  3 ghost crabs (Depths:1)
  7 centaur warriors
  A satyr (Shoals:2)
  4 death yaks (Shoals:4)
  6 boulder beetles
  13 naga warriors
  3 tengu warriors
  6 two-headed ogres
  4 orc high priests (Orc:2)
  9 deep troll shamans (Depths:2)
  3 vampire magi
  A thrashing horror (Gauntlet)
  Urug (D:11)
  16 naga sharpshooters
  16 deep troll earth magi
  22 hell knights
  6 spriggan berserkers
  10 shock serpents
  6 skeletal warriors
  8 iron trolls
  A soul eater (D:10)
  3 storm dragon skeletons
  8 large abominations (Depths:3)
  7 salamander mystics
  4 skysharks
  A fire crab (Gauntlet)
  A flayed ghost (Depths:3)
  5 sea snakes
  3 glowing orange brains
  5 wizards
  60 deep trolls
  17 ironbound convokers
  Pikel (D:7)
  10 harpies
  2 deep elf pyromancers
  21 lindwurms
  2 orc knights
  19 mana vipers
  4 necromancers
  6 naga ritualists
  2 orc sorcerers
  2 deep elf zephyrmancers (Depths:1)
  8 cyclopes
  16 ugly things
  An oklob plant (D:11)
  A frost giant zombie (Depths:3)
  A cyclops (shapeshifter) (Depths:2)
  14 fauns
  19 salamanders
  14 manticores
  34 black mambas
  5 merfolk sirens
  8 guardian serpents
  2 smoke demons
  Maurice (D:12)
  7 water nymphs (Shoals:4)
  17 vault sentinels
  2 gargoyles
  15 naga magi
  5 cane toads
  2 ice statues (Depths:1)
  3 unseen horrors
  2 rime drakes
  5 torpor snails
  3 freezing wraiths
  An orange demon (D:10)
  An efreet (D:13)
  18 yaktaurs
  10 komodo dragons
  3 kobold demonologists (D:12)
  5 tengu conjurers
  2 ice devils
  2 queen bees
  8 trolls
  A sphinx simulacrum (Depths:1)
  2 meliai (D:14)
  11 polar bears
  3 tyrant leeches (Lair:5)
  18 wind drakes
  14 hornets
  18 merfolk
  8 dream sheep
  6 air elementals
  5 raiju
  10 blink frogs
  6 snapping turtles
  A jumping spider (shapeshifter) (D:14)
  49 yaks
  18 slime creatures
  A culicivora (Vaults:3)
  3 vampires (Vaults:2)
  10 spriggans
  Sigmund (D:2)
  2 shadows
  7 wraiths
  A human (D:13)
  A basilisk (shapeshifter) (D:14)
  9 fire bats
  A human (shapeshifter) (D:15)
  18 water elementals
  5 wyverns
  3 steam dragons
  4 basilisks
  2 chaos spawn
  Menkaure (D:5)
  3 redbacks (Vaults:3)
  9 vampire mosquitoes
  A harpy simulacrum (Depths:1)
  23 nagas
  6 wargs
  21 water moccasins
  11 small abominations
  An acid dragon (D:13)
  14 hell hounds (Lair:5)
  2 hydra simulacra (Depths:1)
  18 black bears
  Duvessa (D:5)
  26 orc warriors
  A glowing shapeshifter skeleton (Depths:3)
  A floating eye (Depths:4)
  2 sky beasts
  5 ogres
  A black mamba simulacrum (Depths:1)
  40 wolves
  8 centaurs
  2 lemures (D:7)
  A phantom (D:5)
  2 kobold brigands
  Blork the orc (D:6)
  9 bullfrogs
  A glowing shapeshifter simulacrum (Depths:3)
  2 earth elementals (Depths:1)
  4 gnoll sergeants
  3 scorpions
  A two-headed ogre simulacrum (D:11)
  5 wights (D:10)
  Dowan (D:5)
  69 killer bees
  3 electric eels
  9 howler monkeys
  A quasit (D:10)
  4 crimson imps (D:14)
  32 orc priests
  6 hounds
  8 jellies
  A sleepcap (D:8)
  A gnoll bouda (D:6)
  5 iguanas
  Natasha (thrice) (D:3)
  44 orc wizards
  4 lightning spires (Depths:1)
  5 troll simulacra
  A boggart simulacrum (D:14)
  Robin (D:3)
  21 gnolls
  10 adders
  A naga simulacrum (D:11)
  2 shadow imps
  6 white imps
  An ufetubus (D:5)
  A worm (D:2)
  2 dart slugs
  77 orcs
  19 endoplasms
  7 giant cockroaches
  7 hobgoblins
  4 jackals (D:2)
  2 quokkas
  6 ball pythons
  2 bats
  2 frilled lizards
  14 goblins
  20 kobolds
  5 rats
  2 ball lightnings (Depths:1)
1724 creatures vanquished.

Vanquished Creatures (others)
  A salamander tyrant (Snake:4)
  A floating eye (Depths:3)
2 creatures vanquished.

Grand Total: 1726 creatures vanquished

Notes
Turn   | Place    | Note
-------+----------+-------------------------------------------
     0 | D:1      | qw the Minotaur Hexslinger began the quest for the Orb.
     0 | D:1      | Reached XP level 1. HP: 16/16 MP: 1/1
     0 | D:1      | 0 ||| qw: Version: 0.3-a-52-g30416fa
     0 | D:1      | 0 ||| qw: Game counter: 6199
     0 | D:1      | 0 ||| qw: Melee chars always use a shield: true
     0 | D:1      | 0 ||| qw: God list: Okawaru
     0 | D:1      | 0 ||| qw: Allow faded altars: false
     0 | D:1      | 0 ||| qw: Do Orc after clearing Dungeon:15 true
     0 | D:1      | 0 ||| qw: Do second Lair branch before Depths: true
     0 | D:1      | 0 ||| qw: Lair rune preference: random
     0 | D:1      | 0 ||| qw: Goals: Normal
     0 | D:1      | 0 ||| PLANNING D:1-11
   213 | D:1      | Reached skill level 3 in Ranged Weapons
   219 | D:1      | Reached XP level 2. HP: 23/23 MP: 2/2
   270 | D:1      | Reached skill level 2 in Fighting
   605 | D:1      | 605 ||| UPGRADING to +0 leather armour.
   615 | D:1      | 615 ||| DROPPING +0 robe.
   616 | D:1      | 616 ||| UPGRADING to +0 ring mail.
   626 | D:1      | 626 ||| DROPPING +0 leather armour.
   627 | D:1      | 627 ||| UPGRADING to ring of positive energy.
   628 | D:1      | 628 ||| READING scroll labelled YWUMATHUKLE.
   629 | D:1      | 629 ||| READING scroll labelled WISITH KININUON.
   630 | D:1      | 630 ||| READING scroll labelled KUIFAHUNAU.
   631 | D:1      | 631 ||| DRINKING 2 glowing puce potions.
   632 | D:1      | 632 ||| DROPPING scroll of poison.
   643 | D:2      | Noticed Sigmund
   660 | D:2      | Killed Sigmund
   661 | D:2      | Reached XP level 3. HP: 15/29 MP: 3/3
   661 | D:2      | Reached XP level 4. HP: 18/36 MP: 4/4
   661 | D:2      | Reached XP level 5. HP: 21/41 MP: 5/5
   820 | D:2      | Reached skill level 1 in Armour
   835 | D:2      | Identified the +2 quarterstaff of Zaimigh {holy, rCorr
                  | Stlth+}
   878 | D:2      | 878 ||| FLEEEEING.
   879 | D:2      | 879 ||| FLEEEEING.
   880 | D:2      | 880 ||| FLEEEEING.
   881 | D:2      | 881 ||| FLEEEEING.
  1234 | D:2      | 1234 ||| UPGRADING to +2 hat.
  1239 | D:2      | 1239 ||| DROPPING ring of wizardry.
  1240 | D:2      | 1240 ||| READING scroll labelled WUSEPP QEAHI.
  1241 | D:2      | 1241 ||| READING scroll labelled SYMIPP ACWULANE.
  1242 | D:2      | 1242 ||| READING scroll labelled WUTOEC IS QEMP.
  1246 | D:2      | 1246 ||| DRINKING 2 glowing green potions.
  1414 | D:3      | Reached skill level 3 in Fighting
  1415 | D:3      | Reached skill level 6 in Ranged Weapons
  1445 | D:3      | Noticed Robin
  1448 | D:3      | 1448 ||| Stepping ~*~*~tactically~*~*~ (outnumbered).
  1464 | D:3      | Killed Robin
  1538 | D:3      | Reached XP level 6. HP: 51/51 MP: 6/6
  1560 | D:3      | Noticed Natasha
  1565 | D:3      | Killed Natasha
  1566 | D:3      | Reached skill level 4 in Fighting
  1927 | D:3      | Noticed Natasha
  1937 | D:3      | Killed Natasha
  1966 | D:3      | Noticed Natasha
  1975 | D:3      | Killed Natasha
  2156 | D:3      | 2156 ||| UPGRADING to +6 ring of strength.
  2157 | D:3      | 2157 ||| READING scroll labelled JIOPNY FE RISK.
  2713 | D:4      | Found a stormy altar of Qazlal.
  2734 | D:4      | Found a shimmering altar of Xom.
  2847 | D:4      | 2847 ||| UPGRADING to +2 robe of willpower.
  2857 | D:4      | 2857 ||| DROPPING +0 ring mail.
  2858 | D:4      | 2858 ||| DROPPING ring of magical power.
  2859 | D:4      | 2859 ||| UPGRADING to +5 ring of evasion.
  2861 | D:4      | 2861 ||| DROPPING ring of positive energy.
  2895 | D:5      | Entered Level 5 of the Dungeon
  3053 | D:5      | You fall into a shaft and drop 3 floors!
  3056 | D:8      | Noticed a water moccasin
  3071 | D:8      | Killed a water moccasin
  3072 | D:8      | Reached XP level 7. HP: 26/59 MP: 7/7
  3266 | D:8      | Noticed a shadow
  3284 | D:8      | HP: 6/59 [shadow (11)]
  3285 | D:8      | 3285 ||| READING 2 scrolls of teleportation.
  3285 | D:8      | HP: 1/59 [orc/+0 hand axe (5)]
  3289 | D:8      | Killed a shadow
  3289 | D:8      | Found a snail-covered altar of Cheibriados.
  3522 | D:8      | Found Yjof's Weapon Boutique.
  3542 | D:8      | 3542 ||| BUYING +0 orcbow (49 gold).
  3542 | D:8      | Bought a +0 orcbow for 49 gold pieces
  3542 | D:8      | 3542 ||| SWAPPING to +0 orcbow.
  3543 | D:8      | 3543 ||| DROPPING +1 sling.
  3648 | D:8      | Noticed a lindwurm
  3648 | D:8      | Noticed a lindwurm
  3658 | D:8      | Noticed a lindwurm
  3663 | D:8      | Killed a lindwurm
  3664 | D:8      | Reached skill level 7 in Fighting
  3664 | D:8      | Reached XP level 8. HP: 73/73 MP: 8/8
  3683 | D:8      | Killed a lindwurm
  3684 | D:8      | Reached skill level 9 in Ranged Weapons
  3689 | D:8      | Killed a lindwurm
  3690 | D:8      | Reached XP level 9. HP: 79/79 MP: 9/9
  3758 | D:8      | HP: 17/79 [yak (6)]
  3759 | D:8      | 3759 ||| READING 2 scrolls of teleportation.
  3761 | D:8      | HP: 3/79 [yak (9)]
  3776 | D:8      | Noticed a lindwurm
  3776 | D:8      | 3776 ||| READING scroll of teleportation.
  4049 | D:8      | Found a shimmering blue altar of Sif Muna.
  4100 | D:8      | Reached skill level 12 in Ranged Weapons
  4174 | D:8      | Reached skill level 8 in Fighting
  4217 | D:7      | 4217 ||| Stepping ~*~*~tactically~*~*~ (outnumbered).
  4222 | D:7      | 4222 ||| DRINKING 3 potions of curing.
  4222 | D:7      | 4222 ||| (to cure confusion)
  4223 | D:7      | 4223 ||| Stepping ~*~*~tactically~*~*~ (outnumbered).
  4410 | D:6      | Found an iron altar of Okawaru.
  4411 | D:6      | 4411 ||| PLANNING OKAWARU WORSHIP
  4413 | D:6      | 4413 ||| Stepping ~*~*~tactically~*~*~ (outnumbered).
  4527 | D:6      | Reached skill level 6 in Dodging
  4672 | D:6      | Found a staircase to the Ecumenical Temple.
  4694 | D:6      | Became a worshipper of Warmaster Okawaru
  4695 | D:6      | 4695 ||| PLANNING D:1-11
  4808 | D:6      | Reached XP level 10. HP: 88/88 MP: 10/10
  4850 | D:6      | 4850 ||| Stepping ~*~*~tactically~*~*~ (outnumbered).
  4852 | D:6      | 4852 ||| Stepping ~*~*~tactically~*~*~ (outnumbered).
  4940 | D:6      | 4940 ||| READING scroll labelled RUZIJUEMUG.
  5048 | D:6      | Reached * piety under Okawaru
  5115 | D:6      | 5115 ||| READING 2 scrolls of identify.
  5115 | D:6      | 5115 ||| IDENTIFYING black potion
  5129 | D:6      | Reached skill level 1 in Invocations
  5603 | D:5      | 5603 ||| INVOKING Heroism.
  5707 | D:5      | Noticed Menkaure
  5708 | D:5      | 5708 ||| INVOKING Heroism.
  5714 | D:5      | Killed Menkaure
  5926 | D:5      | Noticed Duvessa
  5926 | D:5      | Noticed Dowan
  5927 | D:5      | 5927 ||| INVOKING Heroism.
  5928 | D:5      | 5928 ||| INVOKING Heroism.
  5935 | D:5      | Killed Duvessa
  5936 | D:5      | Reached skill level 3 in Invocations
  5937 | D:5      | Killed Dowan
  5938 | D:5      | Reached skill level 9 in Fighting
  6157 | D:5      | 6157 ||| UPGRADING to +0 cloak.
  6162 | D:5      | 6162 ||| READING scroll labelled KAIVUM ONI.
  6162 | D:5      | Identified a scroll of acquirement
  6162 | D:5      | 6162 ||| ACQUIRING +0 hat of the Trombone {rPois}
  6162 | D:5      | Acquired the +0 hat of the Trombone {rPois}
  6164 | D:5      | 6164 ||| UPGRADING to +0 hat of the Trombone {rPois}.
  6178 | D:6      | 6178 ||| INVOKING Heroism.
  6212 | D:6      | Noticed a two-headed ogre
  6215 | D:6      | 6215 ||| INVOKING Heroism.
  6226 | D:6      | Killed a two-headed ogre
  6286 | D:6      | Found Gemolo's Weapon Boutique.
  6475 | D:6      | Noticed Blork the orc
  6479 | D:6      | Killed Blork the orc
  6508 | D:6      | Found a hide-covered altar of Uskayaw.
  6652 | D:6      | 6652 ||| UPGRADING to +6 ring of dexterity.
  6654 | D:6      | 6654 ||| UPGRADING to +5 ring of evasion.
  6656 | D:6      | 6656 ||| DROPPING +6 ring of strength.
  6697 | D:7      | Noticed Pikel
  6712 | D:7      | Killed Pikel
  6712 | D:7      | Reached ** piety under Okawaru
  6744 | D:7      | 6744 ||| INVOKING Heroism.
  6746 | D:7      | 6746 ||| Stepping ~*~*~tactically~*~*~ (outnumbered).
  6751 | D:7      | 6751 ||| Stepping ~*~*~tactically~*~*~ (outnumbered).
  6789 | D:7      | Noticed a two-headed ogre
  6790 | D:7      | 6790 ||| INVOKING Heroism.
  6799 | D:7      | Killed a two-headed ogre
  6984 | D:7      | Reached XP level 11. HP: 94/97 MP: 13/13
  7149 | D:7      | 7149 ||| INVOKING Heroism.
  7445 | D:7      | 7445 ||| UPGRADING to +2 robe of cold resistance.
  7455 | D:7      | 7455 ||| UPGRADING to +0 pair of boots.
  7460 | D:7      | 7460 ||| DROPPING ring of poison resistance.
  7461 | D:7      | 7461 ||| READING scroll labelled ICUABRA SICH.
  7518 | D:8      | 7518 ||| INVOKING Heroism.
  7715 | D:8      | 7715 ||| Stepping ~*~*~tactically~*~*~ (outnumbered).
  7740 | D:8      | 7740 ||| INVOKING Heroism.
  7747 | D:8      | Killed a lindwurm
  7795 | D:8      | 7795 ||| DRINKING 2 bubbling grey potions.
  7899 | D:8      | 7899 ||| DROPPING potion of berserk rage.
  7928 | D:9      | 7928 ||| INVOKING Heroism.
  7948 | D:9      | Found Heps's Distillery.
  7965 | D:9      | 7965 ||| BUYING 2 potions of magic (192 gold).
  7965 | D:9      | Bought 2 potions of magic for 192 gold pieces
  7965 | D:9      | 7965 ||| BUYING potion of curing (36 gold).
  7965 | D:9      | Bought a potion of curing for 36 gold pieces
  7965 | D:9      | 7965 ||| BUYING potion of haste (120 gold).
  7965 | D:9      | Bought a potion of haste for 120 gold pieces
  7965 | D:9      | 7965 ||| SHOPLISTING potion of haste (120 gold, have 34).
  7965 | D:9      | 7965 ||| SHOPLISTING potion of might (48 gold, have 34).
  7965 | D:9      | 7965 ||| SHOPLISTING potion of mutation (96 gold, have 34).
  7965 | D:9      | 7965 ||| SHOPLISTING potion of resistance (120 gold, have
                  | 34).
  8003 | D:9      | Identified the +9 halberd "Backscratcher" {freeze, *Rage
                  | +Blink rPois Str-4}
  8004 | D:9      | 8004 ||| INVOKING Heroism.
  8078 | D:9      | 8078 ||| FLEEEEING.
  8079 | D:9      | 8079 ||| FLEEEEING.
  8080 | D:9      | 8080 ||| STAIRDANCE
  8150 | D:9      | Found a flagged portal.
  8203 | D:9      | Noticed Harold
  8204 | D:9      | 8204 ||| INVOKING Heroism.
  8223 | D:9      | Killed Harold
  8224 | D:9      | Reached skill level 10 in Fighting
  8355 | D:9      | 8355 ||| Stepping ~*~*~tactically~*~*~ (outnumbered).
  8357 | D:9      | 8357 ||| Stepping ~*~*~tactically~*~*~ (outnumbered).
  8359 | D:9      | 8359 ||| Stepping ~*~*~tactically~*~*~ (outnumbered).
  8361 | D:9      | 8361 ||| INVOKING Heroism.
  8458 | D:9      | Found a bloodstained altar of Trog.
  8460 | D:9      | 8460 ||| INVOKING Heroism.
  8461 | D:9      | 8461 ||| Stepping ~*~*~tactically~*~*~ (cloud).
  8624 | D:9      | 8624 ||| INVOKING Heroism.
  8632 | D:9      | Reached skill level 9 in Dodging
  8658 | D:9      | Found a radiant altar of Vehumet.
  8792 | D:9      | 8792 ||| INVOKING Heroism.
  8943 | D:9      | 8943 ||| DROPPING +2 robe of willpower.
  8944 | D:9      | 8944 ||| UPGRADING to +0 troll leather armour.
  8954 | D:9      | 8954 ||| DROPPING +2 robe of cold resistance.
  8955 | D:9      | 8955 ||| READING scroll labelled PICVUWNESCHE.
  8956 | D:9      | 8956 ||| READING 2 scrolls of identify.
  8956 | D:9      | 8956 ||| IDENTIFYING inky potion
  8957 | D:9      | 8957 ||| DROPPING potion of degeneration.
  8965 | D:10     | Entered Level 10 of the Dungeon
  8972 | D:10     | 8972 ||| INVOKING Heroism.
  9007 | D:10     | Noticed Josephine
  9022 | D:10     | Killed Josephine
  9030 | D:10     | Found a staircase to the Lair.
  9067 | D:10     | 9067 ||| INVOKING Heroism.
  9072 | D:10     | Reached skill level 15 in Ranged Weapons
  9128 | D:10     | 9128 ||| INVOKING Heroism.
  9202 | D:10     | Reached *** piety under Okawaru
  9265 | D:10     | 9265 ||| INVOKING Heroism.
  9284 | D:10     | 9284 ||| FLEEEEING.
  9285 | D:10     | 9285 ||| FLEEEEING.
  9286 | D:10     | 9286 ||| FLEEEEING.
  9287 | D:10     | 9287 ||| FLEEEEING.
  9288 | D:10     | 9288 ||| FLEEEEING.
  9289 | D:10     | 9289 ||| FLEEEEING.
  9290 | D:10     | 9290 ||| FLEEEEING.
  9291 | D:10     | 9291 ||| FLEEEEING.
  9292 | D:10     | 9292 ||| FLEEEEING.
  9293 | D:10     | 9293 ||| FLEEEEING.
  9294 | D:10     | 9294 ||| FLEEEEING.
  9295 | D:10     | 9295 ||| FLEEEEING.
  9297 | D:10     | 9297 ||| FLEEEEING.
  9298 | D:10     | 9298 ||| FLEEEEING.
  9300 | D:10     | 9300 ||| FLEEEEING.
  9301 | D:10     | 9301 ||| FLEEEEING.
  9489 | D:10     | 9489 ||| INVOKING Heroism.
  9551 | D:10     | Noticed a skeletal warrior
  9553 | D:10     | Noticed qw's ghost (novice MiHs)
  9555 | D:10     | Found a transporter.
  9580 | D:10     | 9580 ||| INVOKING Heroism.
  9585 | D:10     | Reached XP level 12. HP: 77/107 MP: 11/14
  9637 | D:10     | Found a transporter.
  9689 | D:10     | Noticed a two-headed ogre
  9693 | D:10     | Killed a two-headed ogre
  9796 | D:10     | Reached **** piety under Okawaru
  9797 | D:10     | Reached skill level 11 in Fighting
  9797 | D:10     | 9797 ||| Stepping ~*~*~tactically~*~*~ (cloud).
  9799 | D:10     | 9799 ||| Stepping ~*~*~tactically~*~*~ (cloud).
  9901 | D:10     | Found an ornate altar of the Wu Jian Council.
  9965 | D:10     | 9965 ||| FLEEEEING.
  9966 | D:10     | 9966 ||| FLEEEEING.
  9967 | D:10     | 9967 ||| FLEEEEING.
  9968 | D:10     | 9968 ||| FLEEEEING.
  9969 | D:10     | 9969 ||| FLEEEEING.
  9970 | D:10     | 9970 ||| FLEEEEING.
  9971 | D:10     | 9971 ||| FLEEEEING.
 10111 | D:10     | Noticed an azure jelly
 10118 | D:10     | an azure jelly changed into a fenstrider witch
 10118 | D:10     | Noticed a fenstrider witch (shapeshifter)
 10160 | D:10     | 10160 ||| PLANNING LAIR
 10160 | D:10     | 10160 ||| DROPPING amulet of magic regeneration.
 10175 | D:10     | 10175 ||| READING scroll labelled BONAFO SEVASTRO.
 10176 | D:10     | 10176 ||| DRINKING 2 smoky yellow potions.
 10209 | D:10     | 10209 ||| DRINKING 2 glowing white potions.
 10210 | D:10     | 10210 ||| DROPPING potion of lignification.
 10270 | Lair:1   | Entered Level 1 of the Lair of Beasts
 10298 | Lair:1   | 10298 ||| INVOKING Heroism.
 10335 | Lair:1   | 10335 ||| INVOKING Heroism.
 10460 | Lair:1   | Reached skill level 6 in Invocations
 10702 | Lair:1   | 10702 ||| INVOKING Heroism.
 10953 | Lair:1   | You fall into a shaft and drop 1 floor!
 10970 | Lair:2   | 10970 ||| READING scroll labelled WUEDGHAPS MUFIT.
 10971 | Lair:2   | 10971 ||| READING 2 scrolls of identify.
 10971 | Lair:2   | 10971 ||| IDENTIFYING clear potion
 10972 | Lair:2   | 10972 ||| DROPPING potion of attraction.
 11235 | Lair:2   | 11235 ||| INVOKING Heroism.
 11303 | Lair:2   | 11303 ||| INVOKING Heroism.
 11374 | Lair:2   | Found a runed translucent door.
 11374 | Lair:2   | Noticed qw's ghost (journeyman DEHu)
 11379 | Lair:2   | 11379 ||| INVOKING Heroism.
 11617 | Lair:2   | Reached skill level 12 in Fighting
 11641 | Lair:2   | 11641 ||| INVOKING Heroism.
 12077 | Lair:2   | Found a staircase to the Shoals.
 12126 | Lair:2   | 12126 ||| DRINKING 2 murky puce potions.
 12127 | Lair:2   | 12127 ||| READING 3 scrolls of identify.
 12127 | Lair:2   | 12127 ||| IDENTIFYING viscous red potion
 12128 | Lair:2   | 12128 ||| READING 2 scrolls of identify.
 12128 | Lair:2   | 12128 ||| IDENTIFYING fizzy golden potion
 12129 | Lair:2   | 12129 ||| DROPPING potion of brilliance.
 12165 | Lair:3   | Found a transporter.
 12243 | Lair:3   | Reached ***** piety under Okawaru
 12278 | Lair:3   | Noticed Fannar
 12300 | Lair:3   | 12300 ||| INVOKING Heroism.
 12304 | Lair:3   | Killed Fannar
 12397 | Lair:3   | 12397 ||| INVOKING Heroism.
 12400 | Lair:3   | Reached XP level 13. HP: 118/118 MP: 15/18
 12442 | Lair:3   | Found a staircase to the Snake Pit.
 12452 | Lair:3   | Noticed Gastronok
 12453 | Lair:3   | 12453 ||| INVOKING Heroism.
 12480 | Lair:3   | HP: 21/118 [Gastronok/the air (30)]
 12481 | Lair:3   | 12481 ||| DRINKING potion of heal wounds.
 12486 | Lair:3   | Killed Gastronok
 12493 | Lair:3   | 12493 ||| FLEEEEING.
 12494 | Lair:3   | 12494 ||| FLEEEEING.
 12771 | Lair:3   | 12771 ||| INVOKING Heroism.
 12792 | Lair:3   | Reached skill level 9 in Invocations
 12834 | Lair:3   | Found a one-way gate to the infinite horrors of the Abyss.
 12834 | Lair:3   | Noticed qw's ghost (journeyman MiHs)
 12851 | Lair:3   | Found a transporter.
 12984 | Lair:4   | 12984 ||| INVOKING Heroism.
 13073 | Lair:4   | Identified the +2 buckler of the Accordion {SInv} (Okawaru
                  | gifted it to you on level 4 of the Lair of Beasts)
 13073 | Lair:4   | Received a gift from Okawaru
 13162 | Lair:4   | 13162 ||| INVOKING Heroism.
 13377 | Lair:4   | 13377 ||| INVOKING Heroism.
 13403 | Lair:4   | Identified the +7 dagger "Egiuluoh" {flame, rPois rN+}
 13626 | Lair:4   | Found a runed translucent door.
 13626 | Lair:4   | Noticed an azure jelly
 13627 | Lair:4   | Found a staircase to the Slime Pits.
 13887 | Lair:5   | Entered Level 5 of the Lair of Beasts
 13921 | Lair:5   | 13921 ||| INVOKING Heroism.
 13931 | Lair:5   | Reached skill level 13 in Fighting
 14015 | Lair:5   | Identified the +1 hand axe of Lyrig {pain, Stlth+}
 14068 | Lair:5   | 14068 ||| INVOKING Heroism.
 14075 | Lair:5   | Reached skill level 6 in Armour
 14140 | Lair:5   | 14140 ||| Stepping ~*~*~tactically~*~*~ (outnumbered).
 14230 | Lair:5   | 14230 ||| INVOKING Heroism.
 14233 | Lair:5   | 14233 ||| Stepping ~*~*~tactically~*~*~ (outnumbered).
 14257 | Lair:5   | Reached skill level 12 in Dodging
 14333 | Lair:5   | 14333 ||| INVOKING Heroism.
 14463 | Lair:5   | 14463 ||| INVOKING Heroism.
 14472 | Lair:5   | Reached skill level 14 in Fighting
 14522 | Lair:5   | 14522 ||| INVOKING Heroism.
 14572 | Lair:5   | 14572 ||| INVOKING Heroism.
 14688 | Lair:5   | Found a burning altar of Makhleb.
 14695 | Lair:5   | 14695 ||| INVOKING Heroism.
 14709 | Lair:5   | Reached XP level 14. HP: 99/132 MP: 18/20
 14934 | Lair:5   | 14934 ||| INVOKING Heroism.
 14940 | Lair:5   | Received a gift from Okawaru
 14990 | Lair:5   | Found a runed translucent door.
 14992 | Lair:5   | 14992 ||| INVOKING Heroism.
 15034 | Lair:5   | 15034 ||| FLEEEEING.
 15035 | Lair:5   | 15035 ||| FLEEEEING.
 15036 | Lair:5   | 15036 ||| FLEEEEING.
 15037 | Lair:5   | 15037 ||| FLEEEEING.
 15038 | Lair:5   | 15038 ||| FLEEEEING.
 15039 | Lair:5   | 15039 ||| FLEEEEING.
 15040 | Lair:5   | 15040 ||| FLEEEEING.
 15041 | Lair:5   | 15041 ||| FLEEEEING.
 15042 | Lair:5   | 15042 ||| FLEEEEING.
 15043 | Lair:5   | 15043 ||| FLEEEEING.
 15044 | Lair:5   | 15044 ||| FLEEEEING.
 15045 | Lair:5   | 15045 ||| FLEEEEING.
 15046 | Lair:5   | 15046 ||| FLEEEEING.
 15047 | Lair:5   | 15047 ||| FLEEEEING.
 15052 | Lair:5   | 15052 ||| FLEEEEING.
 15053 | Lair:5   | 15053 ||| FLEEEEING.
 15060 | Lair:5   | 15060 ||| FLEEEEING.
 15061 | Lair:5   | 15061 ||| FLEEEEING.
 15062 | Lair:5   | 15062 ||| FLEEEEING.
 15064 | Lair:5   | 15064 ||| FLEEEEING.
 15065 | Lair:5   | 15065 ||| FLEEEEING.
 15066 | Lair:5   | 15066 ||| FLEEEEING.
 15068 | Lair:5   | 15068 ||| FLEEEEING.
 15069 | Lair:5   | 15069 ||| FLEEEEING.
 15070 | Lair:5   | 15070 ||| FLEEEEING.
 15071 | Lair:5   | 15071 ||| FLEEEEING.
 15072 | Lair:5   | 15072 ||| FLEEEEING.
 15073 | Lair:5   | 15073 ||| FLEEEEING.
 15074 | Lair:5   | 15074 ||| FLEEEEING.
 15075 | Lair:5   | 15075 ||| FLEEEEING.
 15076 | Lair:5   | 15076 ||| FLEEEEING.
 15077 | Lair:5   | 15077 ||| FLEEEEING.
 15078 | Lair:5   | 15078 ||| FLEEEEING.
 15079 | Lair:5   | 15079 ||| STAIRDANCE
 15081 | Lair:4   | 15081 ||| UPGRADING to +0 pair of gloves.
 15086 | Lair:4   | 15086 ||| READING scroll labelled LIZXOR YHUIXZU.
 15141 | Lair:5   | 15141 ||| STAIRDANCE
 15143 | Lair:4   | 15143 ||| INVOKING Heroism.
 15173 | Lair:5   | 15173 ||| INVOKING Heroism.
 15426 | Lair:5   | 15426 ||| INVOKING Heroism.
 15428 | Lair:5   | Received a gift from Okawaru
 15516 | Lair:5   | Reached skill level 15 in Fighting
 15570 | Lair:5   | 15570 ||| FLEEEEING.
 15572 | Lair:5   | 15572 ||| FLEEEEING.
 15573 | Lair:5   | 15573 ||| FLEEEEING.
 15574 | Lair:5   | 15574 ||| FLEEEEING.
 15575 | Lair:5   | 15575 ||| FLEEEEING.
 15576 | Lair:5   | 15576 ||| FLEEEEING.
 15577 | Lair:5   | 15577 ||| FLEEEEING.
 15578 | Lair:5   | 15578 ||| FLEEEEING.
 15580 | Lair:5   | 15580 ||| FLEEEEING.
 15582 | Lair:5   | 15582 ||| INVOKING Heroism.
 15628 | Lair:5   | 15628 ||| INVOKING Heroism.
 15706 | Lair:5   | 15706 ||| READING scroll of enchant armour.
 15706 | Lair:5   | 15706 ||| ENCHANTING +0 pair of gloves.
 15753 | Lair:5   | 15753 ||| PLANNING D:1-11
 16059 | D:11     | 16059 ||| Stepping randomly (disturbance).
 16060 | D:11     | 16060 ||| Stepping randomly (disturbance).
 16172 | D:11     | Upgraded the game from 0.31-a0-241-g00f4a5a00c to
                  | 0.31-a0-246-g8cbcc1cb85
 16172 | D:11     | 16172 ||| PLANNING D:1-11
 16324 | D:11     | Noticed Urug
 16325 | D:11     | 16325 ||| INVOKING Heroism.
 16338 | D:11     | Killed Urug
 16509 | D:11     | Found a frozen archway.
 16539 | D:11     | 16539 ||| INVOKING Heroism.
 16729 | D:11     | Reached skill level 16 in Fighting
 16783 | D:11     | Found a staircase to the Orcish Mines.
 16934 | D:11     | 16934 ||| INVOKING Heroism.
 16972 | D:11     | 16972 ||| PLANNING D
 16995 | D:12     | Noticed Maurice
 17015 | D:12     | Killed Maurice
 17124 | D:12     | 17124 ||| READING scroll of acquirement.
 17124 | D:12     | 17124 ||| ACQUIRING +3 longbow of flaming
 17124 | D:12     | Acquired a +3 longbow of flaming
 17126 | D:12     | 17126 ||| SWAPPING to +3 longbow of flaming.
 17127 | D:12     | 17127 ||| DROPPING +1 orcbow.
 17160 | D:12     | 17160 ||| INVOKING Heroism.
 17197 | D:12     | 17197 ||| Stepping ~*~*~tactically~*~*~ (outnumbered).
 17202 | D:12     | 17202 ||| Stepping ~*~*~tactically~*~*~ (outnumbered).
 17244 | D:12     | 17244 ||| DRINKING 11 potions of curing.
 17244 | D:12     | 17244 ||| (to cure confusion)
 17451 | D:12     | 17451 ||| DROPPING +4 ring of protection.
 17452 | D:12     | 17452 ||| READING 2 scrolls labelled KUM HOECROYP.
 17553 | D:12     | 17553 ||| DROPPING scroll of silence.
 17728 | D:13     | Received a gift from Okawaru
 17730 | D:13     | 17730 ||| INVOKING Heroism.
 17778 | D:13     | 17778 ||| INVOKING Heroism.
 17833 | D:13     | Identified the +7 orcbow "Maaddiu" {heavy, rPois rN+ Str-5
                  | Dex+3}
 17992 | D:13     | 17992 ||| READING scroll of enchant armour.
 17992 | D:13     | 17992 ||| ENCHANTING +1 pair of gloves.
 18015 | D:13     | 18015 ||| INVOKING Heroism.
 18059 | D:13     | Found a gate to the Vaults.
 18060 | D:13     | 18060 ||| INVOKING Heroism.
 18069 | D:13     | Reached XP level 15. HP: 123/144 MP: 19/21
 18253 | D:14     | 18253 ||| READING scroll of enchant armour.
 18253 | D:14     | 18253 ||| ENCHANTING +0 pair of boots.
 18284 | D:14     | 18284 ||| INVOKING Heroism.
 18486 | D:14     | 18486 ||| INVOKING Heroism.
 18494 | D:14     | Reached skill level 18 in Ranged Weapons
 18720 | D:14     | Found a runed translucent gate.
 18720 | D:14     | Found a runed translucent gate.
 18721 | D:14     | Found a runed translucent gate.
 18723 | D:14     | Noticed qw's ghost (journeyman MiHs)
 18732 | D:14     | 18732 ||| Stepping ~*~*~tactically~*~*~ (outnumbered).
 18734 | D:14     | 18734 ||| Stepping ~*~*~tactically~*~*~ (outnumbered).
 18736 | D:14     | 18736 ||| Stepping ~*~*~tactically~*~*~ (outnumbered).
 18738 | D:14     | 18738 ||| Stepping ~*~*~tactically~*~*~ (outnumbered).
 18788 | D:14     | Identified the scarf of Ciosex {rC+ rF+, Fly rElec rPois
                  | Int+3 SInv} (Okawaru gifted it to you on level 14 of the
                  | Dungeon)
 18788 | D:14     | Received a gift from Okawaru
 18836 | D:14     | 18836 ||| Stepping ~*~*~tactically~*~*~ (outnumbered).
 18838 | D:14     | 18838 ||| INVOKING Heroism.
 18859 | D:14     | 18859 ||| Stepping ~*~*~tactically~*~*~ (outnumbered).
 18860 | D:14     | Noticed a fire giant
 18860 | D:14     | 18860 ||| INVOKING Finesse.
 18873 | D:14     | HP: 29/144 [meliai/divine providence (12)]
 18874 | D:14     | 18874 ||| READING 4 scrolls of teleportation.
 18875 | D:14     | 18875 ||| DRINKING 3 potions of heal wounds.
 18967 | D:14     | 18967 ||| INVOKING Heroism.
 19010 | D:14     | 19010 ||| INVOKING Heroism.
 19017 | D:14     | Killed a fire giant
 19062 | D:14     | 19062 ||| FLEEEEING.
 19063 | D:14     | 19063 ||| FLEEEEING.
 19064 | D:14     | 19064 ||| FLEEEEING.
 19065 | D:14     | 19065 ||| FLEEEEING.
 19067 | D:14     | 19067 ||| FLEEEEING.
 19068 | D:14     | 19068 ||| FLEEEEING.
 19080 | D:14     | 19080 ||| Stepping ~*~*~tactically~*~*~ (outnumbered).
 19082 | D:14     | 19082 ||| INVOKING Heroism.
 19411 | D:14     | Found a viscous altar of Jiyva.
 19412 | D:14     | 19412 ||| UPGRADING to scarf of Ciosex {rC+ rF+, Fly rElec
                  | rPois Int+3 SInv}.
 19422 | D:14     | 19422 ||| UPGRADING to +2 hat.
 19432 | D:14     | 19432 ||| UPGRADING to amulet of faith.
 19437 | D:14     | 19437 ||| READING 8 scrolls of identify.
 19437 | D:14     | 19437 ||| IDENTIFYING emerald potion
 19438 | D:14     | 19438 ||| DROPPING potion of invisibility.
 19478 | D:15     | Entered Level 15 of the Dungeon
 19478 | D:15     | Found a gate leading to a gauntlet.
 19479 | D:15     | 19479 ||| PLANNING GAUNTLET
 19484 | Gauntlet | Entered a Gauntlet
 19484 | Gauntlet | Found a transporter.
 19484 | Gauntlet | Found a transporter.
 19484 | Gauntlet | Found a transporter.
 19510 | Gauntlet | Found a transporter.
 19520 | Gauntlet | Found a transporter.
 19522 | Gauntlet | Found a transporter.
 19534 | Gauntlet | Found a transporter.
 19552 | Gauntlet | Found a transporter.
 19570 | Gauntlet | Found a transporter.
 19571 | Gauntlet | Found a transporter.
 19578 | Gauntlet | Found a transporter.
 19581 | Gauntlet | Found a transporter.
 19714 | Gauntlet | 19714 ||| READING scroll of enchant armour.
 19714 | Gauntlet | 19714 ||| ENCHANTING +1 pair of boots.
 19736 | Gauntlet | Identified the +5 scale mail of the Blue Moon {Will+}
 19739 | Gauntlet | 19739 ||| DROPPING +6 ring of intelligence.
 19740 | Gauntlet | 19740 ||| READING 7 scrolls of identify.
 19740 | Gauntlet | 19740 ||| IDENTIFYING viscous silvery potion
 19748 | Gauntlet | Identified the ring "Zosu" {rElec Int+6}
 19749 | Gauntlet | 19749 ||| INVOKING Heroism.
 19795 | Gauntlet | Identified the +0 hat of Words of Power {Rampage rF+++
                  | Str-3 Int-5}
 19798 | Gauntlet | Identified the +4 troll leather armour of Suocuxyi {Regen+
                  | Dex+3}
 19827 | Gauntlet | 19827 ||| UPGRADING to +4 troll leather armour of Suocuxyi
                  | {Regen+ Dex+3}.
 19837 | Gauntlet | 19837 ||| DROPPING +0 troll leather armour.
 19849 | D:15     | 19849 ||| PLANNING D
 19939 | D:15     | 19939 ||| FLEEEEING.
 19986 | D:15     | 19986 ||| INVOKING Heroism.
 20012 | D:15     | Found a staircase to the Depths.
 20050 | D:15     | 20050 ||| Stepping ~*~*~tactically~*~*~ (cloud).
 20055 | D:15     | 20055 ||| Stepping ~*~*~tactically~*~*~ (cloud).
 20069 | D:15     | Identified the +0 ring mail of the Vacuum {Slay+2}
 20255 | D:15     | 20255 ||| PLANNING ORC
 20391 | Orc:1    | Entered Level 1 of the Orcish Mines
 20452 | Orc:2    | Entered Level 2 of the Orcish Mines
 20452 | Orc:2    | Found a staircase to the Elven Halls.
 20501 | Orc:2    | 20501 ||| INVOKING Heroism.
 20626 | Orc:1    | Found Bethufus's Antique Armour Shop.
 20635 | Orc:1    | 20635 ||| INVOKING Heroism.
 20636 | Orc:1    | 20636 ||| Stepping ~*~*~tactically~*~*~ (outnumbered).
 20653 | Orc:1    | 20653 ||| BUYING runed cloak (255 gold).
 20653 | Orc:1    | Bought a runed cloak for 255 gold pieces
 20770 | Orc:1    | 20770 ||| Stepping ~*~*~tactically~*~*~ (outnumbered).
 20772 | Orc:1    | 20772 ||| Stepping ~*~*~tactically~*~*~ (outnumbered).
 20774 | Orc:1    | 20774 ||| Stepping ~*~*~tactically~*~*~ (outnumbered).
 20780 | Orc:1    | 20780 ||| Stepping ~*~*~tactically~*~*~ (outnumbered).
 21084 | Orc:1    | 21084 ||| DROPPING +0 cloak.
 21112 | Orc:2    | 21112 ||| INVOKING Heroism.
 21138 | Orc:2    | Found Kaoczidd's Distillery.
 21224 | Orc:2    | 21224 ||| BUYING potion of curing (45 gold).
 21224 | Orc:2    | Bought a potion of curing for 45 gold pieces
 21224 | Orc:2    | 21224 ||| BUYING potion of enlightenment (75 gold).
 21224 | Orc:2    | Bought a potion of enlightenment for 75 gold pieces
 21224 | Orc:2    | 21224 ||| BUYING potion of resistance (150 gold).
 21224 | Orc:2    | Bought a potion of resistance for 150 gold pieces
 21268 | Orc:2    | 21268 ||| Stepping ~*~*~tactically~*~*~ (outnumbered).
 21362 | Orc:2    | Found Quge's Magic Scroll Shoppe.
 21362 | Orc:2    | Found Voil's General Store.
 21364 | Orc:2    | Found Deqor's Weapon Emporium.
 21368 | Orc:2    | Found Mineobb's General Store.
 21371 | Orc:2    | 21371 ||| BUYING scroll of acquirement (624 gold).
 21371 | Orc:2    | Bought a scroll of acquirement for 624 gold pieces
 21371 | Orc:2    | 21371 ||| BUYING scroll of brand weapon (114 gold).
 21371 | Orc:2    | Bought a scroll of brand weapon for 114 gold pieces
 21371 | Orc:2    | 21371 ||| BUYING scroll of enchant armour (90 gold).
 21371 | Orc:2    | Bought a scroll of enchant armour for 90 gold pieces
 21371 | Orc:2    | 21371 ||| BUYING scroll of enchant armour (90 gold).
 21371 | Orc:2    | Bought a scroll of enchant armour for 90 gold pieces
 21371 | Orc:2    | 21371 ||| BUYING scroll of teleportation (36 gold).
 21371 | Orc:2    | Bought a scroll of teleportation for 36 gold pieces
 21371 | Orc:2    | 21371 ||| BUYING scroll of teleportation (36 gold).
 21371 | Orc:2    | Bought a scroll of teleportation for 36 gold pieces
 21371 | Orc:2    | 21371 ||| READING scroll of acquirement.
 21371 | Orc:2    | 21371 ||| ACQUIRING 337 gold pieces
 21371 | Orc:2    | Acquired 337 gold pieces
 21373 | Orc:2    | 21373 ||| READING scroll of brand weapon.
 21373 | Orc:2    | 21373 ||| BRANDING +3 longbow of flaming.
 21578 | Orc:2    | 21578 ||| PLANNING SNAKE:1-3
 21705 | D:10     | a ghost moth changed into an emperor scorpion
 21705 | D:10     | Noticed an emperor scorpion (shapeshifter)
 21828 | Snake:1  | Entered Level 1 of the Snake Pit
 21853 | Snake:1  | Reached skill level 15 in Dodging
 22034 | Snake:1  | Identified the +1 flail "Tihekuta" {spect, rF+}
 22093 | Snake:1  | Reached XP level 16. HP: 138/151 MP: 22/22
 22371 | Snake:1  | Identified the +4 mace of Oklecz Vice {heavy, *Corrode rC+
                  | rN+}
 22539 | Snake:1  | Received a gift from Okawaru
 22543 | Snake:1  | Found Kohis's Antique Armour Shop.
 22662 | Snake:2  | Found a glowing golden altar of the Shining One.
 22982 | Snake:2  | 22982 ||| INVOKING Heroism.
 23368 | Snake:2  | Found a runed translucent door.
 23370 | Snake:2  | Noticed Zoimialu's ghost (adept OpHW)
 23555 | Snake:3  | 23555 ||| INVOKING Heroism.
 23558 | Snake:3  | Reached skill level 17 in Fighting
 23560 | Snake:3  | Received a gift from Okawaru
 23584 | Snake:3  | 23584 ||| Stepping ~*~*~tactically~*~*~ (outnumbered).
 23596 | Snake:3  | 23596 ||| INVOKING Heroism.
 23601 | Snake:3  | Noticed Vashnia
 23602 | Snake:3  | 23602 ||| INVOKING Finesse.
 23614 | Snake:3  | HP: 33/155 [Vashnia/arrow (14)]
 23615 | Snake:3  | 23615 ||| READING 7 scrolls of teleportation.
 23616 | Snake:3  | 23616 ||| DRINKING 3 potions of heal wounds.
 23617 | Snake:3  | 23617 ||| FLEEEEING.
 23618 | Snake:3  | 23618 ||| FLEEEEING.
 23619 | Snake:3  | 23619 ||| FLEEEEING.
 23819 | Snake:3  | Noticed Nikola
 23820 | Snake:3  | 23820 ||| INVOKING Heroism.
 23821 | Snake:3  | 23821 ||| INVOKING Finesse.
 23831 | Snake:3  | Killed Nikola
 24015 | Snake:3  | 24015 ||| Stepping ~*~*~tactically~*~*~ (outnumbered).
 24017 | Snake:3  | 24017 ||| Stepping ~*~*~tactically~*~*~ (outnumbered).
 24019 | Snake:3  | 24019 ||| Stepping ~*~*~tactically~*~*~ (outnumbered).
 24022 | Snake:3  | 24022 ||| Stepping ~*~*~tactically~*~*~ (outnumbered).
 24108 | Snake:3  | 24108 ||| Stepping ~*~*~tactically~*~*~ (outnumbered).
 24110 | Snake:3  | 24110 ||| Stepping ~*~*~tactically~*~*~ (outnumbered).
 24112 | Snake:3  | 24112 ||| Stepping ~*~*~tactically~*~*~ (outnumbered).
 24114 | Snake:3  | 24114 ||| Stepping ~*~*~tactically~*~*~ (outnumbered).
 24197 | Snake:3  | 24197 ||| INVOKING Heroism.
 24199 | Snake:3  | 24199 ||| INVOKING Finesse.
 24203 | Snake:3  | 24203 ||| Stepping ~*~*~tactically~*~*~ (outnumbered).
 24204 | Snake:3  | 24204 ||| Stepping ~*~*~tactically~*~*~ (outnumbered).
 24218 | Snake:3  | Killed Vashnia
 24219 | Snake:3  | Reached skill level 18 in Fighting
 24225 | Snake:3  | 24225 ||| FLEEEEING.
 24226 | Snake:3  | 24226 ||| FLEEEEING.
 24227 | Snake:3  | 24227 ||| FLEEEEING.
 24233 | Snake:3  | 24233 ||| STAIRDANCE
 24362 | Snake:3  | 24362 ||| INVOKING Heroism.
 24393 | Snake:3  | 24393 ||| INVOKING Heroism.
 24471 | Snake:3  | Found Zohipoyl's Magic Scroll Shoppe.
 24474 | Snake:3  | 24474 ||| BUYING scroll of enchant armour (105 gold).
 24474 | Snake:3  | Bought a scroll of enchant armour for 105 gold pieces
 24474 | Snake:3  | 24474 ||| BUYING scroll of teleportation (42 gold).
 24474 | Snake:3  | Bought a scroll of teleportation for 42 gold pieces
 24479 | Snake:3  | Received a gift from Okawaru
 24892 | Snake:3  | Noticed Louise
 24893 | Snake:3  | 24893 ||| INVOKING Heroism.
 24894 | Snake:3  | 24894 ||| INVOKING Finesse.
 24901 | Snake:3  | Killed Louise
 25215 | Snake:3  | 25215 ||| PLANNING SHOALS:1-3
 25385 | Shoals:1 | Entered Level 1 of the Shoals
 25385 | Shoals:1 | Found a runed translucent gate.
 25385 | Shoals:1 | Found a runed translucent gate.
 25389 | Shoals:1 | 25389 ||| INVOKING Heroism.
 25417 | Shoals:1 | Found a runed translucent gate.
 25444 | Shoals:1 | 25444 ||| INVOKING Heroism.
 25520 | Shoals:1 | Reached skill level 18 in Dodging
 25588 | Shoals:1 | Reached XP level 17. HP: 146/163 MP: 23/23
 25949 | Shoals:1 | Reached skill level 9 in Armour
 26157 | Shoals:2 | 26157 ||| INVOKING Heroism.
 26232 | Shoals:2 | 26232 ||| INVOKING Heroism.
 26422 | Shoals:2 | 26422 ||| INVOKING Heroism.
 26577 | Shoals:2 | 26577 ||| INVOKING Heroism.
 26636 | Shoals:2 | 26636 ||| INVOKING Heroism.
 26752 | Shoals:2 | Reached skill level 19 in Fighting
 26766 | Shoals:2 | 26766 ||| FLEEEEING.
 27065 | Shoals:3 | Found a runed translucent gate.
 27066 | Shoals:3 | Found a runed translucent gate.
 27066 | Shoals:3 | Found an opulent altar of Gozag.
 27067 | Shoals:3 | Found Erym's Jewellery Emporium.
 27067 | Shoals:3 | Found a runed translucent gate.
 27070 | Shoals:3 | Noticed qw's ghost (adept MiHs)
 27094 | Shoals:3 | 27094 ||| BUYING +6 ring of dexterity (648 gold).
 27094 | Shoals:3 | Bought a +6 ring of dexterity for 648 gold pieces
 27094 | Shoals:3 | 27094 ||| SHOPLISTING ring of the Octopus King {HP+2 AC+2
                  | EV+2 SH+2 SInv} (925 gold, have 614).
 27130 | Shoals:3 | 27130 ||| INVOKING Heroism.
 27167 | Shoals:3 | 27167 ||| INVOKING Heroism.
 27323 | Shoals:3 | Found Jorchor's Distillery.
 27336 | Shoals:3 | Found Momuy's Armour Shop.
 27339 | Shoals:3 | 27339 ||| BUYING potion of cancellation (136 gold).
 27339 | Shoals:3 | Bought a potion of cancellation for 136 gold pieces
 27339 | Shoals:3 | 27339 ||| BUYING potion of curing (51 gold).
 27339 | Shoals:3 | Bought a potion of curing for 51 gold pieces
 27339 | Shoals:3 | 27339 ||| BUYING potion of curing (51 gold).
 27339 | Shoals:3 | Bought a potion of curing for 51 gold pieces
 27339 | Shoals:3 | 27339 ||| BUYING potion of haste (170 gold).
 27339 | Shoals:3 | Bought a potion of haste for 170 gold pieces
 27339 | Shoals:3 | 27339 ||| BUYING potion of heal wounds (85 gold).
 27339 | Shoals:3 | Bought a potion of heal wounds for 85 gold pieces
 27339 | Shoals:3 | 27339 ||| BUYING potion of heal wounds (85 gold).
 27339 | Shoals:3 | Bought a potion of heal wounds for 85 gold pieces
 27339 | Shoals:3 | 27339 ||| SHOPLISTING potion of mutation (136 gold, have
                  | 55).
 27535 | Shoals:3 | Found Jeman's Magic Scroll Shop.
 27543 | Shoals:3 | 27543 ||| SHOPLISTING 2 scrolls of enchant armour (165
                  | gold, have 96).
 27543 | Shoals:3 | 27543 ||| SHOPLISTING 3 scrolls of teleportation (99 gold,
                  | have 96).
 27543 | Shoals:3 | 27543 ||| BUYING scroll of enchant armour (82 gold).
 27543 | Shoals:3 | Bought a scroll of enchant armour for 82 gold pieces
 27705 | Shoals:3 | 27705 ||| PLANNING SNAKE:4
 27705 | Shoals:3 | 27705 ||| DROPPING ring of fire.
 27706 | Shoals:3 | 27706 ||| UPGRADING to +6 ring of dexterity.
 27708 | Shoals:3 | 27708 ||| DROPPING +5 ring of evasion.
 27920 | Snake:4  | Entered Level 4 of the Snake Pit
 28015 | Snake:4  | 28015 ||| Stepping ~*~*~tactically~*~*~ (outnumbered).
 28309 | Snake:4  | Noticed Mara
 28310 | Snake:4  | 28310 ||| INVOKING Heroism.
 28311 | Snake:4  | 28311 ||| INVOKING Finesse.
 28328 | Snake:4  | Killed Mara
 28471 | Snake:4  | 28471 ||| Stepping ~*~*~tactically~*~*~ (outnumbered).
 28477 | Snake:4  | 28477 ||| Stepping ~*~*~tactically~*~*~ (outnumbered).
 28536 | Snake:4  | 28536 ||| Stepping ~*~*~tactically~*~*~ (outnumbered).
 28576 | Snake:4  | 28576 ||| INVOKING Heroism.
 28619 | Snake:4  | 28619 ||| INVOKING Heroism.
 28760 | Snake:4  | 28760 ||| Stepping ~*~*~tactically~*~*~ (outnumbered).
 28763 | Snake:4  | 28763 ||| INVOKING Heroism.
 28764 | Snake:4  | 28764 ||| Stepping ~*~*~tactically~*~*~ (outnumbered).
 28765 | Snake:4  | 28765 ||| Stepping ~*~*~tactically~*~*~ (outnumbered).
 28806 | Snake:4  | 28806 ||| Stepping ~*~*~tactically~*~*~ (outnumbered).
 28839 | Snake:4  | Reached ****** piety under Okawaru
 28840 | Snake:4  | 28840 ||| INVOKING Heroism.
 28857 | Snake:4  | HP: 42/168 [mana viper (1)]
 28858 | Snake:4  | 28858 ||| READING 9 scrolls of teleportation.
 28884 | Snake:4  | 28884 ||| INVOKING Heroism.
 29210 | Snake:4  | Got a serpentine rune of Zot
 29217 | Snake:4  | 29217 ||| PLANNING VAULTS:1-4
 29597 | Vaults:1 | Entered Level 1 of the Vaults
 29611 | Vaults:1 | Reached XP level 18. HP: 176/176 MP: 24/24
 29628 | Vaults:1 | 29628 ||| INVOKING Heroism.
 29634 | Vaults:1 | Reached skill level 21 in Dodging
 29892 | Vaults:1 | Received a gift from Okawaru
 29912 | Vaults:1 | 29912 ||| FLEEEEING.
 29921 | Vaults:1 | 29921 ||| INVOKING Heroism.
 29925 | Vaults:1 | Reached skill level 20 in Fighting
 29980 | Vaults:1 | 29980 ||| Stepping ~*~*~tactically~*~*~ (outnumbered).
 29982 | Vaults:1 | 29982 ||| Stepping ~*~*~tactically~*~*~ (outnumbered).
 30016 | Vaults:1 | Identified the +0 robe of Slovenliness {Will++ Int+5 Dex+2}
 30027 | Vaults:1 | 30027 ||| FLEEEEING.
 30028 | Vaults:1 | 30028 ||| FLEEEEING.
 30029 | Vaults:1 | 30029 ||| FLEEEEING.
 30030 | Vaults:1 | 30030 ||| FLEEEEING.
 30031 | Vaults:1 | 30031 ||| FLEEEEING.
 30032 | Vaults:1 | 30032 ||| FLEEEEING.
 30033 | Vaults:1 | 30033 ||| FLEEEEING.
 30034 | Vaults:1 | 30034 ||| FLEEEEING.
 30057 | Vaults:1 | 30057 ||| INVOKING Heroism.
 30061 | Vaults:1 | HP: 36/178 [ironbound thunderhulk/bolt of lightning (13)]
 30062 | Vaults:1 | 30062 ||| READING 8 scrolls of teleportation.
 30063 | Vaults:1 | 30063 ||| DRINKING 6 potions of heal wounds.
 30065 | Vaults:1 | 30065 ||| Stepping ~*~*~tactically~*~*~ (outnumbered).
 30161 | Vaults:1 | Identified the +1 ring mail of Okawaru's Esteem {Regen+
                  | Str+3 Dex+3} (Okawaru gifted it to you on level 1 of the
                  | Vaults)
 30161 | Vaults:1 | Received a gift from Okawaru
 31045 | Vaults:2 | Found Tairghax's Antique Weapon Emporium.
 31118 | Vaults:2 | Found a staircase to the Crypt.
 31119 | Vaults:2 | 31119 ||| FLEEEEING.
 31122 | Vaults:2 | 31122 ||| FLEEEEING.
 31123 | Vaults:2 | 31123 ||| FLEEEEING.
 31124 | Vaults:2 | 31124 ||| FLEEEEING.
 31129 | Vaults:2 | 31129 ||| STAIRDANCE
 31279 | Vaults:2 | 31279 ||| STAIRDANCE
 31482 | Vaults:2 | Noticed Zenata
 31483 | Vaults:2 | 31483 ||| INVOKING Heroism.
 31484 | Vaults:2 | 31484 ||| INVOKING Finesse.
 31489 | Vaults:2 | Killed Zenata
 31613 | Vaults:2 | 31613 ||| FLEEEEING.
 31614 | Vaults:2 | 31614 ||| FLEEEEING.
 31615 | Vaults:2 | 31615 ||| FLEEEEING.
 31616 | Vaults:2 | 31616 ||| FLEEEEING.
 31622 | Vaults:2 | 31622 ||| STAIRDANCE
 31703 | Vaults:2 | Found Ceurit's General Store.
 31711 | Vaults:2 | 31711 ||| BUYING 2 potions of cancellation (272 gold).
 31711 | Vaults:2 | Bought 2 potions of cancellation for 272 gold pieces
 31711 | Vaults:2 | 31711 ||| BUYING scroll of teleportation (51 gold).
 31711 | Vaults:2 | Bought a scroll of teleportation for 51 gold pieces
 31746 | Vaults:2 | 31746 ||| Stepping ~*~*~tactically~*~*~ (outnumbered).
 31963 | Vaults:2 | 31963 ||| Stepping ~*~*~tactically~*~*~ (outnumbered).
 31965 | Vaults:2 | 31965 ||| Stepping ~*~*~tactically~*~*~ (outnumbered).
 31970 | Vaults:2 | 31970 ||| INVOKING Heroism.
 31973 | Vaults:2 | 31973 ||| INVOKING Finesse.
 32169 | Vaults:2 | Reached skill level 21 in Fighting
 32223 | Vaults:2 | Found Ikioff's Jewellery Boutique.
 32287 | Vaults:2 | 32287 ||| SHOPLISTING amulet of Okawaru's Supremacy
                  | {Reflect rElec Int+5 SH+5} (926 gold, have 252).
 32287 | Vaults:2 | 32287 ||| SHOPLISTING ring "Joggumaj" {rPois Will+ rCorr
                  | Str+6 Int-2} (768 gold, have 252).
 32386 | Vaults:2 | Found Haaq Pezir's Jewellery Shoppe.
 32394 | Vaults:2 | 32394 ||| SHOPLISTING ring of Kixtoch {rF+ Will+} (546
                  | gold, have 277).
 32421 | Vaults:2 | 32421 ||| INVOKING Heroism.
 32603 | Vaults:3 | 32603 ||| INVOKING Finesse.
 32604 | Vaults:3 | Identified the +2 pair of gloves "Hainoux" {Dex+5 Slay+2}
                  | (Okawaru gifted it to you on level 3 of the Vaults)
 32604 | Vaults:3 | Received a gift from Okawaru
 32688 | Vaults:3 | 32688 ||| Stepping ~*~*~tactically~*~*~ (outnumbered).
 32690 | Vaults:3 | 32690 ||| Stepping ~*~*~tactically~*~*~ (outnumbered).
 32843 | Vaults:3 | 32843 ||| INVOKING Heroism.
 32852 | Vaults:3 | Reached XP level 19. HP: 136/191 MP: 23/25
 32961 | Vaults:3 | Noticed Donald
 32962 | Vaults:3 | 32962 ||| INVOKING Heroism.
 32963 | Vaults:3 | 32963 ||| INVOKING Finesse.
 32967 | Vaults:3 | Killed Donald
 33081 | Vaults:3 | Reached skill level 22 in Fighting
 33136 | Vaults:3 | 33136 ||| INVOKING Heroism.
 33228 | Vaults:3 | 33228 ||| INVOKING Finesse.
 33316 | Vaults:3 | Noticed Boris
 33317 | Vaults:3 | 33317 ||| INVOKING Heroism.
 33318 | Vaults:3 | 33318 ||| INVOKING Finesse.
 33324 | Vaults:3 | Killed Boris
 33411 | Vaults:3 | 33411 ||| INVOKING Heroism.
 33412 | Vaults:3 | 33412 ||| INVOKING Finesse.
 33631 | Vaults:3 | Noticed Jory
 33632 | Vaults:3 | 33632 ||| INVOKING Heroism.
 33633 | Vaults:3 | 33633 ||| INVOKING Finesse.
 33642 | Vaults:3 | Killed Jory
 33864 | Vaults:3 | You are sucked into a shaft and drop 1 floor!
 33885 | Vaults:4 | Reached skill level 23 in Fighting
 33894 | Vaults:4 | Noticed Boris
 33895 | Vaults:4 | 33895 ||| INVOKING Heroism.
 33896 | Vaults:4 | 33896 ||| INVOKING Finesse.
 33901 | Vaults:4 | Killed Boris
 34082 | Vaults:4 | 34082 ||| UPGRADING to +2 pair of gloves "Hainoux" {Dex+5
                  | Slay+2}.
 34092 | Vaults:4 | 34092 ||| DROPPING +2 pair of gloves.
 34093 | Vaults:4 | 34093 ||| DROPPING amulet of regeneration.
 34112 | Vaults:4 | 34112 ||| DRINKING 16 potions of curing.
 34112 | Vaults:4 | 34112 ||| (to cure confusion)
 34597 | Vaults:4 | 34597 ||| INVOKING Heroism.
 34598 | Vaults:4 | 34598 ||| INVOKING Finesse.
 34651 | Vaults:4 | 34651 ||| Stepping ~*~*~tactically~*~*~ (outnumbered).
 34658 | Vaults:4 | 34658 ||| INVOKING Heroism.
 34659 | Vaults:4 | 34659 ||| INVOKING Finesse.
 34671 | Vaults:4 | Reached skill level 24 in Fighting
 34824 | Vaults:4 | 34824 ||| INVOKING Heroism.
 34825 | Vaults:4 | Received a gift from Okawaru
 34826 | Vaults:4 | Reached skill level 12 in Armour
 34960 | Vaults:4 | 34960 ||| INVOKING Heroism.
 34961 | Vaults:4 | 34961 ||| INVOKING Finesse.
 35300 | Vaults:4 | 35300 ||| PLANNING SHOALS:4
 35300 | Vaults:4 | 35300 ||| DROPPING +1 pair of boots.
 35610 | Shoals:4 | Entered Level 4 of the Shoals
 35610 | Shoals:4 | Found a stormy altar of Qazlal.
 35611 | Shoals:4 | 35611 ||| INVOKING Heroism.
 35612 | Shoals:4 | 35612 ||| INVOKING Finesse.
 35679 | Shoals:4 | 35679 ||| INVOKING Heroism.
 35680 | Shoals:4 | 35680 ||| INVOKING Finesse.
 35722 | Shoals:4 | 35722 ||| INVOKING Heroism.
 35756 | Shoals:4 | 35756 ||| Stepping ~*~*~tactically~*~*~ (outnumbered).
 35758 | Shoals:4 | 35758 ||| Stepping ~*~*~tactically~*~*~ (outnumbered).
 35759 | Shoals:4 | 35759 ||| Stepping ~*~*~tactically~*~*~ (outnumbered).
 35760 | Shoals:4 | 35760 ||| Stepping ~*~*~tactically~*~*~ (outnumbered).
 35768 | Shoals:4 | Reached XP level 20. HP: 202/209 MP: 26/26
 35772 | Shoals:4 | 35772 ||| Stepping ~*~*~tactically~*~*~ (outnumbered).
 35789 | Shoals:4 | 35789 ||| INVOKING Heroism.
 35810 | Shoals:4 | Reached skill level 25 in Fighting
 35849 | Shoals:4 | Got a barnacled rune of Zot
 35850 | Shoals:4 | 35850 ||| DROPPING +7 orcbow "Maaddiu" {heavy, rPois rN+
                  | Str-5 Dex+3}.
 35882 | Shoals:4 | 35882 ||| Stepping ~*~*~tactically~*~*~ (outnumbered).
 35904 | Shoals:4 | 35904 ||| INVOKING Heroism.
 35908 | Shoals:4 | 35908 ||| Stepping ~*~*~tactically~*~*~ (outnumbered).
 35910 | Shoals:4 | 35910 ||| Stepping ~*~*~tactically~*~*~ (outnumbered).
 35916 | Shoals:4 | 35916 ||| INVOKING Finesse.
 35919 | Shoals:4 | 35919 ||| Stepping ~*~*~tactically~*~*~ (outnumbered).
 35920 | Shoals:4 | 35920 ||| Stepping ~*~*~tactically~*~*~ (outnumbered).
 35929 | Shoals:4 | 35929 ||| Stepping ~*~*~tactically~*~*~ (outnumbered).
 35931 | Shoals:4 | 35931 ||| Stepping ~*~*~tactically~*~*~ (outnumbered).
 35931 | Shoals:4 | HP: 48/211 [wind drake/the air (17)]
 35932 | Shoals:4 | 35932 ||| READING 9 scrolls of teleportation.
 35933 | Shoals:4 | 35933 ||| DRINKING 6 potions of heal wounds.
 35938 | Shoals:4 | 35938 ||| Stepping ~*~*~tactically~*~*~ (outnumbered).
 35942 | Shoals:4 | 35942 ||| Stepping ~*~*~tactically~*~*~ (outnumbered).
 35948 | Shoals:4 | Paralysed by an air elemental for 1 turns
 35955 | Shoals:4 | 35955 ||| FLEEEEING.
 35964 | Shoals:4 | 35964 ||| INVOKING Heroism.
 36039 | Shoals:4 | 36039 ||| INVOKING Heroism.
 36105 | Shoals:4 | Found a blossoming altar of Fedhas.
 36230 | Shoals:4 | 36230 ||| Stepping ~*~*~tactically~*~*~ (cloud).
 36231 | Shoals:4 | Noticed Polyphemus
 36233 | Shoals:4 | 36233 ||| Stepping ~*~*~tactically~*~*~ (cloud).
 36243 | Shoals:4 | Killed Polyphemus
 36408 | Shoals:4 | 36408 ||| PLANNING DEPTHS
 36408 | Shoals:4 | 36408 ||| DROPPING +0 hat of the Trombone {rPois}.
 36679 | Depths:1 | Entered Level 1 of the Depths
 36686 | Depths:1 | 36686 ||| STAIRDANCE
 36688 | D:15     | 36688 ||| INVOKING Heroism.
 36798 | Depths:1 | 36798 ||| INVOKING Heroism.
 36801 | Depths:1 | Reached skill level 26 in Fighting
 36828 | Depths:1 | Found Utioceu's Antique Armour Boutique.
 36838 | Depths:1 | 36838 ||| Stepping ~*~*~tactically~*~*~ (outnumbered).
 36868 | Depths:1 | Noticed Bai Suzhen
 36873 | Depths:1 | Killed Bai Suzhen
 36941 | Depths:1 | 36941 ||| INVOKING Heroism.
 36942 | Depths:1 | 36942 ||| INVOKING Finesse.
 36953 | Depths:1 | 36953 ||| Stepping ~*~*~tactically~*~*~ (outnumbered).
 36985 | Depths:1 | 36985 ||| INVOKING Heroism.
 37023 | Depths:1 | Found a transporter.
 37023 | Depths:1 | Found Firhel's Distillery.
 37082 | Depths:1 | 37082 ||| Stepping ~*~*~tactically~*~*~ (outnumbered).
 37097 | Depths:1 | 37097 ||| Stepping ~*~*~tactically~*~*~ (outnumbered).
 37099 | Depths:1 | 37099 ||| Stepping ~*~*~tactically~*~*~ (outnumbered).
 37101 | Depths:1 | 37101 ||| Stepping ~*~*~tactically~*~*~ (outnumbered).
 37108 | Depths:1 | 37108 ||| Stepping ~*~*~tactically~*~*~ (outnumbered).
 37109 | Depths:1 | 37109 ||| Stepping ~*~*~tactically~*~*~ (outnumbered).
 37138 | Depths:1 | Found Degeckum's General Store.
 37309 | Depths:1 | 37309 ||| Stepping ~*~*~tactically~*~*~ (outnumbered).
 37329 | Depths:1 | 37329 ||| Stepping ~*~*~tactically~*~*~ (cloud).
 37446 | Depths:1 | 37446 ||| Stepping ~*~*~tactically~*~*~ (outnumbered).
 37448 | Depths:1 | 37448 ||| Stepping ~*~*~tactically~*~*~ (outnumbered).
 37456 | Depths:1 | 37456 ||| Stepping ~*~*~tactically~*~*~ (outnumbered).
 37462 | Depths:1 | 37462 ||| Stepping ~*~*~tactically~*~*~ (outnumbered).
 37479 | Depths:1 | 37479 ||| Stepping ~*~*~tactically~*~*~ (outnumbered).
 37520 | Depths:1 | Noticed a bone dragon
 37529 | Depths:1 | Killed a bone dragon
 37539 | Depths:1 | Received a gift from Okawaru
 37558 | Depths:1 | 37558 ||| SWAPPING to +1 heavy triple crossbow.
 37559 | Depths:1 | 37559 ||| DROPPING +3 heavy longbow.
 37665 | Depths:1 | Found Lyriazurche's Antique Weapon Boutique.
 37739 | Depths:1 | Found a transporter.
 37899 | Depths:1 | Noticed the Enchantress
 37900 | Depths:1 | 37900 ||| INVOKING Heroism.
 37901 | Depths:1 | 37901 ||| INVOKING Finesse.
 37906 | Depths:1 | 37906 ||| DRINKING 17 potions of curing.
 37906 | Depths:1 | 37906 ||| (to cure confusion)
 37929 | Depths:1 | 37929 ||| INVOKING Heroism.
 37943 | Depths:1 | 37943 ||| DRINKING 16 potions of curing.
 37943 | Depths:1 | 37943 ||| (to cure confusion)
 37944 | Depths:1 | 37944 ||| INVOKING Finesse.
 37950 | Depths:1 | 37950 ||| DRINKING 15 potions of curing.
 37950 | Depths:1 | 37950 ||| (to cure confusion)
 37956 | Depths:1 | 37956 ||| INVOKING Heroism.
 37959 | Depths:1 | Killed the Enchantress
 38097 | Depths:1 | Found a gateway to Hell.
 38143 | Depths:2 | 38143 ||| Stepping ~*~*~tactically~*~*~ (outnumbered).
 38145 | Depths:2 | 38145 ||| Stepping ~*~*~tactically~*~*~ (outnumbered).
 38146 | Depths:2 | 38146 ||| INVOKING Finesse.
 38189 | Depths:2 | 38189 ||| Stepping ~*~*~tactically~*~*~ (outnumbered).
 38196 | Depths:2 | 38196 ||| INVOKING Finesse.
 38245 | Depths:2 | Reached XP level 21. HP: 222/222 MP: 27/27
 38276 | Depths:2 | 38276 ||| INVOKING Finesse.
 38319 | Depths:2 | 38319 ||| INVOKING Heroism.
 38339 | Depths:2 | 38339 ||| INVOKING Heroism.
 38343 | Depths:2 | Reached skill level 21 in Ranged Weapons
 38362 | Depths:2 | 38362 ||| INVOKING Heroism.
 38363 | Depths:2 | 38363 ||| INVOKING Finesse.
 38422 | Depths:2 | 38422 ||| INVOKING Heroism.
 38514 | Depths:2 | 38514 ||| INVOKING Finesse.
 38685 | Depths:2 | 38685 ||| INVOKING Finesse.
 38695 | Depths:2 | 38695 ||| INVOKING Heroism.
 39029 | Depths:2 | 39029 ||| INVOKING Heroism.
 39030 | Depths:2 | 39030 ||| INVOKING Finesse.
 39218 | Depths:2 | Found a one-way gate leading to the halls of Pandemonium.
 39395 | Depths:3 | Identified the scarf "Mize Nai" {+Inv, *Slow rElec Str+3
                  | Int+5} (Okawaru gifted it to you on level 3 of the Depths)
 39395 | Depths:3 | Received a gift from Okawaru
 39599 | Depths:3 | 39599 ||| INVOKING Heroism.
 39600 | Depths:3 | 39600 ||| INVOKING Finesse.
 39604 | Depths:3 | Reached skill level 27 in Fighting
 39646 | Depths:3 | Noticed Boris
 39647 | Depths:3 | 39647 ||| INVOKING Finesse.
 39650 | Depths:3 | 39650 ||| INVOKING Heroism.
 39658 | Depths:3 | Killed Boris
 39976 | Depths:3 | 39976 ||| INVOKING Heroism.
 40103 | Depths:3 | Reached skill level 15 in Armour
 40513 | Depths:3 | 40513 ||| DROPPING scarf "Mize Nai" {+Inv, *Slow rElec
                  | Str+3 Int+5}.
 40530 | Depths:4 | Entered Level 4 of the Depths
 40531 | Depths:4 | 40531 ||| PLANNING WIZLAB
 40544 | Depths:4 | 40544 ||| INVOKING Heroism.
 40599 | Depths:4 | 40599 ||| Stepping ~*~*~tactically~*~*~ (outnumbered).
 40602 | Depths:4 | 40602 ||| Stepping ~*~*~tactically~*~*~ (outnumbered).
 40606 | Depths:4 | 40606 ||| FLEEEEING.
 40608 | Depths:4 | 40608 ||| FLEEEEING.
 40609 | Depths:4 | 40609 ||| FLEEEEING.
 40611 | Depths:4 | 40611 ||| STAIRDANCE
 40637 | Depths:4 | 40637 ||| Stepping ~*~*~tactically~*~*~ (outnumbered).
 40643 | Depths:4 | 40643 ||| INVOKING Heroism.
 40669 | Depths:4 | 40669 ||| INVOKING Heroism.
 40878 | Depths:4 | Found a one-way gateway to a ziggurat.
 40902 | Depths:4 | 40902 ||| READING scroll of enchant weapon.
 40902 | Depths:4 | 40902 ||| ENCHANTING +1 heavy triple crossbow.
 40929 | Depths:4 | Reached XP level 22. HP: 229/233 MP: 29/29
 40942 | Depths:4 | 40942 ||| Stepping ~*~*~tactically~*~*~ (outnumbered).
 40949 | Depths:4 | 40949 ||| INVOKING Heroism.
 40979 | Depths:4 | Noticed a golden dragon
 40980 | Depths:4 | 40980 ||| INVOKING Heroism.
 40981 | Depths:4 | 40981 ||| INVOKING Finesse.
 40983 | Depths:4 | Killed a golden dragon
 41110 | Depths:4 | 41110 ||| RIP WIZLAB
 41117 | Depths:4 | 41117 ||| PLANNING DEPTHS
 41138 | Depths:4 | 41138 ||| INVOKING Heroism.
 41143 | Depths:4 | Reached skill level 18 in Armour
 41149 | Depths:4 | Found a gate to the Realm of Zot.
 41155 | Depths:4 | Identified the +0 crystal plate armour of a sewer {+Inv
                  | Str+2} (Okawaru gifted it to you on level 4 of the Depths)
 41155 | Depths:4 | Received a gift from Okawaru
 41428 | Depths:4 | 41428 ||| READING scroll of acquirement.
 41428 | Depths:4 | 41428 ||| ACQUIRING +0 hat of Visesao {rF+}
 41428 | Depths:4 | Acquired the +0 hat of Visesao {rF+}
 41584 | Depths:4 | 41584 ||| PLANNING VAULTS:5
 41584 | Depths:4 | 41584 ||| DROPPING amulet of the acrobat.
 41965 | Vaults:5 | Entered Level 5 of the Vaults
 41966 | Vaults:5 | 41966 ||| INVOKING Heroism.
 41967 | Vaults:5 | 41967 ||| INVOKING Finesse.
 41971 | Vaults:5 | Noticed Mennas
 41974 | Vaults:5 | 41974 ||| STAIRDANCE
 41976 | Vaults:4 | 41976 ||| DRINKING 14 potions of curing.
 41976 | Vaults:4 | 41976 ||| (to cure confusion)
 42048 | Vaults:5 | 42048 ||| INVOKING Heroism.
 42049 | Vaults:5 | 42049 ||| INVOKING Finesse.
 42052 | Vaults:5 | 42052 ||| DRINKING 13 potions of curing.
 42052 | Vaults:5 | 42052 ||| (to cure confusion)
 42056 | Vaults:5 | Noticed an ancient lich
 42057 | Vaults:5 | HP: 52/233 [ettin/+0 dire flail (31)]
 42058 | Vaults:5 | 42058 ||| READING 10 scrolls of teleportation.
 42058 | Vaults:5 | HP: 12/233 [sphinx/divine providence (14)]
 42058 | Vaults:5 | Slain by a vault guard

Levels and vault maps discovered:
D:1:      psy_arrival_radial02, layout_basic, grunt_decor_cap,
          hangedman_glass_teeth
D:2:      layout_rooms, uniq_sigmund
D:3:      layout_loops_ring, uniq_robin, uniq_natasha
D:4:      layout_gridville, mainiacjoe_overflow_tiny_flanked,
          grunt_qazlal_clouds
D:5:      layout_loops_corners, nicolae_underground_beach, uniq_duvessa,
          uniq_menkaure
D:6:      wad_river_or_something, layout_basic,
          mainiacjoe_overflow_concentric_impassable, kennysheep_mini_moat,
          serial_shops, shop, kennysheep_generic_room_7, uniq_blork_the_orc
D:7:      layout_basic, serial_corexii_hall, corexii_hall_statues_x,
          corexii_hall_statues_x, corexii_hall_statues_i, uniq_pikel
D:8:      layout_basic, amcnicky_altar_gilded, led_sif_pool, serial_shops,
          nicolae_shop_stone, minmay_lindwurm_lava
D:9:      layout_roguey [special_room_bee], mainiacjoe_overflow_catwalk,
          trog_three_pillars_becter, enter_bailey_2, serial_shops,
          nicolae_shop_peninsula, uniq_harold
D:10:     layout_basic, nicolae_wu_jian_glorious_leap, gammafunk_ghost_arena,
          serial_demonic, serial_demonic_b, serial_demonic_d, serial_demonic_g,
          serial_demonic_d, uniq_josephine
D:11:     lemuel_slime, layout_loops_corners, david_orc_4,
          portal_ice_cave_entry_ice_simulacra, uniq_urug
D:12:     layout_rooms, nicolae_the_louvre, uniq_maurice
D:13:     layout_rooms, grunt_vaults_entry_fortified
D:14:     regret_index_bee_streams, layout_small_grid, gammafunk_ghost_ooze,
          minmay_misc_feat_five, minmay_fire_ice_demons
D:15:     grunt_enter_depths_hoard, layout_rooms, gauntlet_entry_generic,
          bh_walls_and_bars
Lair:1:   layout_regular_city, nicolae_lair_lindhole, serial_bayou_shore_a
Lair:2:   layout_layer_cave, minmay_shoals_entry_hut, gammafunk_ghost_grave
Lair:3:   layout_misc_corridors, guppyfry_snake_entry_island,
          gammafunk_ghost_abyssal_escape, beast_lair_carwin_9, uniq_fannar,
          uniq_gastronok
Lair:4:   layout_small_grid, slime_entry_2
Lair:5:   hangedman_lair_caniforms_friends, layout_loops_ring, wormcave,
          basic_altar, grunt_megastairs_4
Shoals:1: layout_shoals, nicolae_shoals_beach_cooler
Shoals:2: layout_shoals
Shoals:3: nicolae_shoals_aurelia_aurita, layout_shoals, ebering_ghost_gozag,
          serial_shops, shop, nicolae_shop_statue_plus, nicolae_stop_n_shop_2,
          nicolae_shop_trees
Shoals:4: shoals_end_hellmonk_storm_palace [storm_palace_center_square,
          storm_palace_corner_reverse_hut, storm_palace_corner_reverse_hut,
          storm_palace_corner_altar, storm_palace_corner_altar], uniq_polyphemus
Snake:1:  layout_concentric_octagons, serial_shops, shop, st_stairs_14
Snake:2:  layout_cave_pods, basic_altar, ebering_ghost_reflecting_pool
Snake:3:  layout_chambers, serial_shops, shop, grunt_megastairs_3,
          nicolae_triple_integral, lemuel_fruit_tree, uniq_vashnia, uniq_nikola,
          uniq_louise
Snake:4:  snake_pit_salamanders_mu, layout_cave_town, uniq_mara
Orc:1:    layout_diamond_mine, serial_shops, nicolae_square_shop, abandoned_shop
Orc:2:    st_orc_mages, layout_caves, serial_shops, nicolae_shop_statue_plus
Vaults:1: v_alt_pattern_2, ontoclasm_vaults_bender,
          nicolae_vaults_network_quinsquares
          [nicolae_vaults_network_quincunx_subvault,
          nicolae_vaults_network_quincunx_subvault,
          nicolae_vaults_network_quincunx_subvault,
          nicolae_vaults_network_quincunx_subvault], hangedman_vaults_nodes,
          hangedman_vaults_variations, vaults_room_door_ring,
          ontoclasm_vaults_shuriken, nicolae_vaults_closet_pinwheel_5, v_misc_5,
          ontoclasm_vaults_fault, hangedman_vaults_impose,
          ontoclasm_vaults_ring_small, nicolae_vaults_tetromino_L_1,
          layout_vaults_omnibox
Vaults:2: minmay_crypt_entry_vampire_xt, nicolae_vaults_network_quincunx
          [nicolae_vaults_network_quincunx_subvault,
          nicolae_vaults_network_quincunx_subvault,
          nicolae_vaults_network_quincunx_subvault,
          nicolae_vaults_network_quincunx_subvault,
          nicolae_vaults_network_quincunx_subvault],
          ontoclasm_vaults_ring_large, nicolae_vaults_gold_heap,
          nicolae_vaults_little_guard_posts, v_pattern_4,
          nicolae_vaults_tetromino_Z_2, nicolae_vaults_heart-shaped_vault,
          v_misc_25, layout_vaults_chaotic_city, serial_shops, shop, shop,
          nicolae_shop_pleasant_corner_grove, shop, uniq_zenata
Vaults:3: nicolae_vaults_alarming, nicolae_vaults_little_squares_1,
          hangedman_vaults_stitches, hangedman_vaults_nails, v_rooms_3,
          nicolae_vaults_variable_pillar_hall, nicolae_vaults_closet_pinwheel_2,
          vaults_mumra_hex, nicolae_vaults_rhombus_6, layout_vaults_omnigrid,
          uniq_boris, uniq_jory, uniq_donald
Vaults:4: vaults_room_corners, nicolae_vaults_c_with_doors,
          nicolae_vaults_weapon_check, v_misc_22, nicolae_vaults_cochlea,
          nicolae_vaults_frosty_reception, nicolae_vaults_more_shelving_1,
          nicolae_vaults_little_squares_5, hangedman_vaults_restitches,
          nicolae_vaults_trapezoid_lopsided_1, nicolae_vaults_two_Ls,
          layout_vaults_omnicross
Vaults:5: serial_shops, uniq_mennas
Depths:1: layout_gridlike, hangedman_decor_push, serial_shops,
          nicolae_shop_stone, nicolae_shop_stone, nicolae_shop_drivethru, shop,
          serial_hangedman_research, hangedman_research_thermodynamics,
          hangedman_research_thanatology, hangedman_research_electronics,
          hangedman_research_geology, pf_hell_entry_tar_spiral,
          hangedman_abyss_entry_splay, uniq_bai_suzhen, uniq_enchantress
Depths:2: minmay_textured_paths, layout_gridlike, pf_dread_powers_of_hell,
          nrook_mini_backslash, rand_demon_pan_entry_4,
          infiniplex_staircase_spiral
Depths:3: kennysheep_six_static_rooms, layout_basic, minmay_room_of_horrors,
          hell_entry, infiniplex_staircase_diamond, grunt_megastairs_2
Depths:4: grunt_crosshair, layout_basic, enter_ziggurat_d, abyss_entry_crystal,
          infiniplex_enter_wizlab_water, hell_entry, minmay_misc_feat_rows

Skill      XL: |  1  2  3  4  5  6  7  8  9 10 11 12 13 14 15 16 17 18 19 20 21 22 |
---------------+-------------------------------------------------------------------+-----
Ranged Weapons | 3 5 6 7 8 10 12 13 15 16 17 20 22 | 22.0
Fighting       | 2 3 4 7 8 9 10 12 14 16 18 19 21 24 26 27 | 27.0
Armour         | 1 4 5 6 8 9 10 12 13 17 19 | 19.4
Dodging        | 4 6 8 9 10 12 13 15 18 20 22 | 22.0
Invocations    | 4 8 10 11 | 11.2
Spellcasting   | |  1.0
Hexes          | |  2.0

Action                     |  1- 3 |  4- 6 |  7- 9 | 10-12 | 13-15 | 16-18 | 19-21 | 22-24 || total
---------------------------+-------+-------+-------+-------+-------+-------+-------+-------++-------
   Fire: Sling             |    78 |   248 |    47 |       |       |       |       |       ||   373
         Orcbow            |       |       |   196 |   997 |  1030 |       |       |       ||  2223
         Longbow           |       |       |       |       |   709 |   955 |   679 |       ||  2343
         Triple crossbow   |       |       |       |       |       |       |   361 |   105 ||   466
 Invoke: Heroism           |       |       |       |    32 |    39 |    30 |    36 |     5 ||   142
         Finesse           |       |       |       |       |     1 |     8 |    24 |     3 ||    36
    Use: Scroll            |     3 |     4 |     3 |    11 |    12 |     3 |     2 |     2 ||    40
         Potion            |     1 |     1 |     1 |     4 |     3 |     2 |     5 |     2 ||    19
 Armour: Robe              |     5 |     2 |    17 |    27 |       |       |       |       ||    51
         Ring mail         |       |    64 |       |       |       |       |       |       ||    64
         Troll leather arm |       |       |       |    16 |   127 |    68 |    85 |    33 ||   329
  Dodge: Dodged            |    28 |   116 |   100 |   471 |   963 |   901 |   922 |   424 ||  3925

Table legend:
 A = Non-vault XP
 B = Vault XP
 C = Vault XP percentage of total XP
 D = Non-vault monster count
 E = Vault monster count
 F = Vault count percentage of total count
                 A         B        C        D         E       F
            +---------+---------+-------+---------+---------+-------
      Total |  438280 |  318864 |  42.1 |    1057 |     664 |  38.6
            +---------+---------+-------+---------+---------+-------
        D:1 |      30 |       0 |   0.0 |      19 |       0 |   0.0
        D:2 |      61 |     214 |  77.8 |      21 |       1 |   4.5
        D:3 |     140 |      71 |  33.6 |      20 |      13 |  39.4
        D:4 |     137 |       0 |   0.0 |       7 |       0 |   0.0
        D:5 |     935 |     382 |  29.0 |      24 |       3 |  11.1
        D:6 |    1968 |     816 |  29.3 |      22 |      13 |  37.1
        D:7 |    2181 |     673 |  23.6 |      24 |       1 |   4.0
        D:8 |    2269 |    2491 |  52.3 |      31 |       4 |  11.4
        D:9 |    2402 |    2711 |  53.0 |      23 |      27 |  54.0
       D:10 |    4811 |    4086 |  45.9 |      34 |      12 |  26.1
       D:11 |    5875 |    2412 |  29.1 |      39 |      38 |  49.4
       D:12 |    5131 |     439 |   7.9 |      32 |       1 |   3.0
       D:13 |    8963 |    5805 |  39.3 |      18 |       9 |  33.3
       D:14 |    4099 |   15566 |  79.2 |      12 |      63 |  84.0
       D:15 |   10292 |    1775 |  14.7 |      17 |       2 |  10.5
     Lair:1 |    2909 |    1298 |  30.9 |      13 |       2 |  13.3
     Lair:2 |    4365 |     244 |   5.3 |      27 |       1 |   3.6
     Lair:3 |    3341 |    4089 |  55.0 |      17 |      12 |  41.4
     Lair:4 |    4194 |     449 |   9.7 |      21 |       1 |   4.5
     Lair:5 |   13024 |   16066 |  55.2 |      40 |      75 |  65.2
   Shoals:1 |   12445 |       0 |   0.0 |      25 |       0 |   0.0
   Shoals:2 |   15938 |       0 |   0.0 |      31 |       0 |   0.0
   Shoals:3 |    7824 |       0 |   0.0 |      17 |       0 |   0.0
   Shoals:4 |    9738 |   34320 |  77.9 |      20 |      63 |  75.9
    Snake:1 |    8801 |     760 |   7.9 |      17 |       1 |   5.6
    Snake:2 |   14179 |       0 |   0.0 |      24 |       0 |   0.0
    Snake:3 |   23681 |   11291 |  32.3 |      46 |      10 |  17.9
    Snake:4 |   13444 |   32509 |  70.7 |      24 |      48 |  66.7
      Orc:1 |    3599 |       0 |   0.0 |      42 |       0 |   0.0
      Orc:2 |    1499 |    5338 |  78.1 |      27 |      31 |  53.4
   Vaults:1 |   30963 |   13047 |  29.6 |      44 |      16 |  26.7
   Vaults:2 |   18153 |   15669 |  46.3 |      27 |      19 |  41.3
   Vaults:3 |   21023 |   28854 |  57.9 |      28 |      31 |  52.5
   Vaults:4 |   26724 |   29823 |  52.7 |      36 |      36 |  50.0
   Vaults:5 |     733 |    5167 |  87.6 |       1 |       6 |  85.7
   Depths:1 |   21675 |   36453 |  62.7 |      28 |      62 |  68.9
   Depths:2 |   49713 |    8781 |  15.0 |      60 |       8 |  11.8
   Depths:3 |   29086 |   15018 |  34.1 |      34 |      25 |  42.4
   Depths:4 |   51935 |   18023 |  25.8 |      65 |      16 |  19.8
   Gauntlet |       0 |    4224 | 100.0 |       0 |      14 | 100.0
            +---------+---------+-------+---------+---------+-------
